Cogmind - Beta 17 @@@ ROGUE MODE // 2026.07.26 @ 18:00:46 Player: Mediocre Result: Escaped singularity! Performance ------------- Evolutions (9) 4500 Regions Visited (27) 5400 Robots Destroyed (214) 1070 Value Destroyed (12193) 12193 Prototype IDs (370) 7400 Alien Tech Used (7) 1400 Bonus (76348) 76348 TOTAL SCORE: 108311 Bonus ------- High Alert Combat Kills 237 Follower Combat Kills 1811 Hunted by Unchained 500 Awakened Behemoth Slayer 1000 Network Hubs Disabled 400 Registered with UFD 300 Met Optimus in HQ 500 Met Imprinter 300 Built Enhanced Grunts 300 Met R17 at Cetus 500 Found Hidden Lab 3000 Met R17 at Research 2000 Destroyed Superfortress 15000 Met Optimus at Protoforge 1000 Executed Drillbomb Mission 10000 Met MAIN.C 5000 Destroyed MAIN.C Shell 5000 Destroyed MAIN.C 10000 Met Architect 300 Destroyed A8 300 Destroyed A6 400 Destroyed A5 500 Destroyed Architect 15000 Win 3000 Cogmind --------- Core Integrity 647/1600 Matter 295/300 Energy 333/340 System Corruption 1% Temperature Cool (9) Movement Hovering (36) Location Near Former Tau Ceti IV Parts ------- > --- POWER (3) -------- Concept Zero-point Core Concept Zero-point Core > --- PROPULSION (7) --- Cooled Antigrav System Combat Antigrav System Combat Antigrav System Combat Linear Gravjet Concept Combat Aerolev Unit Concept Gyrokinetic System Concept Gyrokinetic System > --- UTILITY (12) ----- Concept Antigrav Storage Unit Experimental Active Sensor Suite Concept Melee Reflex Suite Concept Core Analysis Suite Improved Armor Integrity Analyzer Femtoactuators Improved Actuator Array Experimental Actuator Array Centrium Heavy Armor Plating > --- WEAPON (4) ------- Plasma Lance Plasma Lance Experimental Jetlance Experimental Jetlance > --- INVENTORY (25) --- Concept Zero-point Core Concept Zero-point Core Cooled Antigrav System Combat Linear Gravjet Combat Linear Gravjet Advanced Melee Analysis Suite Concept Melee Reflex Suite Microactuators Advanced Actuator Array Concept Cloak Mesh Concept Cloak Mesh Experimental Powered Armor Concept Energy Mantle Architect God Chip A Architect God Chip D Drone Bay (2/2) High-powered Transdimensional Reconstructor Peak State ------------ > --- POWER ------------ Hybrid Graviton Reactor Concept Zero-point Core Concept Zero-point Core > --- PROPULSION ------- Cooled Antigrav System Cooled Antigrav System Combat Linear Gravjet Experimental Antigrav System Concept Combat Aerolev Unit Concept Combat Aerolev Unit Concept Gyrokinetic System > --- UTILITY ---------- Concept Antigrav Storage Unit Spectral Analyzer Experimental Active Sensor Suite Concept Melee Reflex Suite Concept Core Analysis Suite Experimental Transmission Jammer Concept Cloak Mesh Concept Cloak Mesh Concept RG22 Armor Concept Network Penetrator Concept Network Penetrator > --- WEAPON ----------- Null Cannon Concept Deflector Sword Experimental Jetlance Experimental Jetlance > --- INVENTORY -------- Concept Zero-point Core Concept Zero-point Core Cooled Antigrav System Combat Linear Gravjet Experimental Antigrav System Concept Gyrokinetic System Concept Melee Reflex Suite Concept Core Analysis Suite Improved Armor Integrity Analyzer Advanced Particle Charger Femtoactuators Advanced Actuator Array Enhanced Scrap Shield Graphene Brace Concept Energy Mantle Concept Antimissile System Transdimensional Reconstructor High-powered Transdimensional Reconstructor Concept Miniperforator Concept Blasthammer CR-A16's Behemoth Slayer Experimental Jetlance [Rating: 315] Favorites ----------- Power Backup Power VII Engine Light Angular Momentum Engine Power Core Backup Power VII Reactor Micro Antimatter Reactor Propulsion Cooled VTOL Module Treads Light Treads Leg Enhanced Multireflex Exoskeleton Wheel Armored Wheel Hover Unit Concept Combat Aerolev Unit Flight Unit Cooled VTOL Module Utility Advanced Hacking Suite Device Long-range Sensor Array Storage Medium Storage Unit Processor Enhanced Optical Array Hackware Advanced Hacking Suite Protection Enhanced Scrap Shield Weapon Experimental Jetlance Energy Gun Subdweller Laser Energy Cannon Beam Cannon Ballistic Gun Assault Rifle Ballistic Cannon Concept Miniperforator Launcher Grenade Launcher Special Weapon Multitool Impact Weapon Heavy Hammer Slashing Weapon Concept Deflector Sword Piercing Weapon Experimental Jetlance Special Melee Weapon Improved Datajack Build | -11 -10 -10 -8 -8 -6 -6 -6 -6 -6 -6 -5 -5 -5 -5 -5 -5 -4 -4 -4 -3 -3 -2 -2 -2 -1 -1 -1 ------- Run | Yrd Mat Sub Rec Scr Fac Was Fac Low Low Zio Pro Fac Ext Cet Arc Hub Fac Arm Lab Res Tes Res Qua Frg Acc Com Ac0 Slots Evolved 18 | . . . . . 8 . . . . . . 2 . . . . 2 . . 2 . 2 . . 2 . . Power 1 | . . . . . . . . . . . . 1 . . . . . . . . . . . . . . . Propulsion 5 | . . . . . 3 . . . . . . 1 . . . . . . . 1 . . . . . . . Utility 10 | . . . . . 5 . . . . . . . . . . . 2 . . . . 1 . . 2 . . Weapon 2 | . . . . . . . . . . . . . . . . . . . . 1 . 1 . . . . . Parts Attached 256 | 5 14 9 1 13 17 2 16 2 1 2 2 10 3 2 1 . 6 3 4 12 12 4 2 77 3 25 8 Power 30 | . 3 1 . 2 2 . 2 . 1 1 1 4 . 1 . . . . 1 2 2 . . 6 . 1 . Engine 9 | . 2 1 . 1 1 . 1 . 1 1 . 1 . . . . . . . . . . . . . . . Core 16 | . 1 . . 1 1 . 1 . . . 1 3 . . . . . . 1 2 . . . 4 . 1 . Reactor 5 | . . . . . . . . . . . . . . 1 . . . . . . 2 . . 2 . . . Propulsion 66 | 2 2 1 1 5 6 . 5 . . . . 4 1 . . . 1 . . 5 2 1 1 21 . 7 1 Treads 9 | 2 2 1 1 . . . . . . . . . . . . . . . . . . . . 3 . . . Leg 2 | . . . . . . . . . . . . . . . . . . . . 1 . 1 . . . . . Wheel 3 | . . . . 3 . . . . . . . . . . . . . . . . . . . . . . . Hover 17 | . . . . . . . . . . . . . . . . . . . . . . . . 9 . 7 1 Flight 35 | . . . . 2 6 . 5 . . . . 4 1 . . . 1 . . 4 2 . 1 9 . . . Utility 109 | . 5 1 . 4 6 2 8 1 . . 1 1 1 1 1 . 3 2 1 2 5 3 1 37 3 14 6 Device 49 | . 2 . . . 1 1 3 . . . 1 . . . 1 . 1 . . 1 4 1 . 20 1 7 5 Storage 10 | . 3 . . 1 . . . . . . . . 1 . . . 1 . . . . . . 4 . . . Processor 24 | . . . . 2 2 . 3 . . . . . . 1 . . . . . . 1 . 1 8 1 5 . Hackware 12 | . . . . . 2 1 . . . . . 1 . . . . 1 2 . 1 . 2 . 1 1 . . Protection 14 | . . 1 . 1 1 . 2 1 . . . . . . . . . . 1 . . . . 4 . 2 1 Artifact . | . . . . . . . . . . . . . . . . . . . . . . . . . . . . Weapon 51 | 3 4 6 . 2 3 . 1 1 . 1 . 1 1 . . . 2 1 2 3 3 . . 13 . 3 1 Energy Gun 8 | 1 2 3 . . . . . . . . . . . . . . . . 1 . . . . . . 1 . Energy Cannon 9 | . 1 2 . . 1 . . . . . . . . . . . 1 . 1 1 1 . . . . . 1 Ballistic Gun 3 | 2 . 1 . . . . . . . . . . . . . . . . . . . . . . . . . Ballistic Cannon 6 | . . . . . . . . . . . . . 1 . . . 1 . . . . . . 4 . . . Launcher 4 | . 1 . . . 1 . . 1 . . . . . . . . . . . . . . . 1 . . . Special Weapon 2 | . . . . . . . 1 . . . . . . . . . . . . . . . . 1 . . . Impact Weapon 3 | . . . . 1 . . . . . . . . . . . . . . . . . . . 2 . . . Slashing Weapon 1 | . . . . . . . . . . . . . . . . . . . . . . . . 1 . . . Piercing Weapon 11 | . . . . . 1 . . . . 1 . . . . . . . . . 2 1 . . 4 . 2 . Special Melee Weapon 4 | . . . . 1 . . . . . . . 1 . . . . . 1 . . 1 . . . . . . Unidentified Prototypes 38 | . . . . . 1 . 1 1 . . . . . . . . 1 . 4 6 6 . 4 14 . . . Corrupted Parts 1 | . . . . . . . . . . . . . . . . . . . . . . . . . . . 1 System Corruption 1 | . . . . . . . . . . . . . . . . . . . . . . . . . . . 1 Parts Lost 28 | . 1 3 . . . . 2 . . . . . . . . . . . . 1 2 2 . 6 . . 11 Power 1 | . . 1 . . . . . . . . . . . . . . . . . . . . . . . . . Propulsion 7 | . 1 1 . . . . 2 . . . . . . . . . . . . . 1 . . 1 . . 1 Utility 16 | . . 1 . . . . . . . . . . . . . . . . . 1 1 2 . 5 . . 6 Weapon 4 | . . . . . . . . . . . . . . . . . . . . . . . . . . . 4 Highest Loss Streak 4 | . 1 3 . . . . 1 . . . . . . . . . . . . 1 1 2 . 4 . . 4 To Critical Strikes 1 | . . . . . . . . . . . . . . . . . . . . . . . . 1 . . . Average Backups 10 | 3 8 12 13 8 5 5 4 5 5 4 4 4 4 6 6 7 8 9 7 8 8 10 9 11 23 22 22 Power . | . . . . . 1 1 . . . . . . . . . . . 1 . . . . . . 2 2 2 Propulsion 2 | . 5 5 5 3 1 1 . 1 1 . . . . 1 2 1 1 1 1 . 1 2 1 1 4 4 4 Utility 3 | . . 1 2 2 1 1 1 2 2 2 2 2 2 2 2 3 2 3 1 3 3 5 4 4 11 9 12 Weapon 2 | . 2 4 5 1 1 1 1 1 1 1 1 1 1 1 1 1 2 2 2 1 1 2 1 3 4 4 2 Tool/Special . | . . . . . . . . . . . . . . . . . . . . . . . . . . . . Unused Backups 43 | . 2 1 . 3 3 . . . . . . . . . . . . . . 1 4 . 3 18 . 2 6 Power 4 | . . . . . 1 . . . . . . . . . . . . . . 1 1 . . . . . 1 Propulsion 13 | . 2 1 . 1 . . . . . . . . . . . . . . . . 3 . 1 3 . . 2 Utility 13 | . . . . 2 1 . . . . . . . . . . . . . . . . . . 6 . 2 2 Weapon 9 | . . . . . 1 . . . . . . . . . . . . . . . . . . 8 . . . Tool/Special 4 | . . . . . . . . . . . . . . . . . . . . . . . 2 1 . . 1 Average Slot Usage (%) 86 | . 98 95 100 76 78 93 92 86 86 87 86 89 92 84 82 82 74 77 78 79 89 84 86 83 91 93 85 Engine 2 | . 8 13 14 9 6 6 . 6 6 6 . 1 . . . . . . . . . . . . . . . Core 5 | . 4 . . . . . 5 . . . 5 7 11 5 . . . . . 3 8 8 8 10 7 6 7 Reactor 1 | . . . . . . . . . . . . . . 2 5 5 5 5 5 3 4 4 4 1 3 1 . Treads 4 | . 27 28 28 8 . . . . . . . . . . . . . . . . . . . . . . . Hover 5 | . . . . . . . . . . . . . . . . . . . . . . . . 9 26 26 26 Flight 18 | . . . . 14 32 33 32 33 33 33 33 34 34 29 29 29 26 26 26 26 27 24 25 17 . . . Device 9 | . 13 6 14 4 5 6 6 5 6 6 6 5 5 3 5 5 5 5 5 5 8 7 7 12 15 19 15 Storage 4 | . 13 14 14 8 . . . . . . . . 1 5 5 5 5 5 5 4 4 4 4 4 3 3 3 Processor 9 | . . . . 4 9 8 12 13 13 13 13 11 11 12 11 11 10 10 10 9 9 7 7 9 8 14 11 Hackware 5 | . . . . . 2 17 20 13 13 13 13 11 9 5 5 5 9 14 15 12 9 10 12 1 4 . . Protection 4 | . . 3 . 3 7 13 6 6 6 6 6 5 5 5 4 5 5 5 5 4 3 4 4 5 3 2 4 Energy Gun 1 | . 5 5 14 4 . . . . . . . . . . . . . . . . . . . . . . . Ballistic Gun 1 | . 14 13 14 4 . . . . . . . . . . . . . . . . . . . . . . . Slashing Weapon 1 | . . . . . . . . . . . . . . . . . . . . . . . . 2 3 3 2 Piercing Weapon 5 | . . . . . . 6 5 6 5 7 5 5 4 2 5 5 4 4 5 6 10 12 11 6 11 10 10 Peak Build Rating 315 | 4 11 12 12 18 47 52 71 75 75 79 75 100 100 101 94 95 107 110 121 156 175 177 179 295 312 315 278 Average Rating 135 | 3 8 9 12 9 32 45 61 74 74 75 72 90 97 95 92 94 100 103 106 132 162 170 174 222 301 297 266 On Entrance 102 | . 4 8 12 12 17 45 46 71 75 75 74 73 98 100 93 94 94 100 106 121 154 169 162 179 292 312 276 Avg Prop Armor Cover (%) 6 | 19 26 . . 5 . . . . . . . 1 . . . . . . . . . . . 3 . . . Naked Turns . | . . . . . . . . . . . . . . . . . . . . . . . . . . . . Heaviest Build 115 | 3 31 36 34 34 22 15 19 28 33 31 25 34 33 39 33 33 39 37 56 47 57 51 50 102 100 112 115 Greatest Support 300 | 20 40 40 40 40 23 22 28 29 31 25 31 45 39 42 35 45 48 48 45 49 63 58 53 300 106 117 117 Greatest Overweight (x) 3 | . 1 . . 3 1 . . 1 1 1 . . . 1 . . 1 1 1 1 . 1 . 3 . 1 . Average Overweight (x) . | . . . . . . . . . . . . . . . . . . . . . . . . . . . . Largest Inventory Capacity 25 | 5 15 15 15 15 15 5 5 5 5 5 5 5 8 8 8 8 10 10 10 10 10 10 10 25 25 25 25 Average Capacity 12 | 5 9 15 15 11 5 5 5 5 5 5 5 5 5 8 8 8 9 10 10 10 10 10 10 14 25 25 25 Most Carried 25 | 5 12 15 15 15 15 5 5 5 5 5 5 5 8 8 8 8 10 10 10 10 10 10 10 25 25 25 25 Average Carried 11 | 3 8 13 15 9 5 5 4 5 5 4 4 4 5 7 7 8 9 10 8 9 9 9 9 12 23 24 22 Final Capacity 25 | 5 15 15 15 15 5 5 5 5 5 5 5 5 8 8 8 8 10 10 10 10 10 10 10 25 25 25 25 Final Carried 25 | 5 12 15 15 15 5 5 5 5 5 5 5 5 8 7 8 8 10 10 10 10 10 10 10 25 23 25 17 Class Distribution -------------------- 24% | Hacker-Scout 10% | Scavenger-Mutant 8% | Hacker-Ninja 8% | Ninja 7% | Mutant 6% | Scavenger-Scout 6% | Hacker-Assassin 4% | Scout 3% | Commander-Scout 3% | Machinist-Scout Dominant Class ---------------- Mutant | -10/Materials Scavenger-Mutant | -10/Subcaves Scavenger-Mutant | -8/Recycling Mutant | -8/Scraptown Derelict-Sprinter | -6/Factory Hacker-Sprinter | -6/Waste Hacker-Scout | -6/Factory Hacker-Assassin | -6/Lower Caves Hacker-Assassin | -6/Lower Caves Hacker-Assassin | -6/Zion Hacker-Scout | -5/Proximity Caves Hacker-Scout | -5/Factory Machinist-Scout | -5/Extension Commander-Scout | -5/Cetus Commander-Scout | -5/Archives Commander-Scout | -5/Hub_04(d) Hacker-Scout | -4/Factory Hacker-Scout | -4/Armory Hacker-Scout | -4/Lab Hacker-Scout | -3/Research Hacker-Scout | -3/Testing Hacker-Scout | -2/Research Hacker-Scout | -2/Quarantine Hacker-Ninja | -2/Protoforge Hacker-Ninja | -1/Access Ninja | -1/Command Scavenger-Scout | -1/Access_0 Resources | -11 -10 -10 -8 -8 -6 -6 -6 -6 -6 -6 -5 -5 -5 -5 -5 -5 -4 -4 -4 -3 -3 -2 -2 -2 -1 -1 -1 ----------- Run | Yrd Mat Sub Rec Scr Fac Was Fac Low Low Zio Pro Fac Ext Cet Arc Hub Fac Arm Lab Res Tes Res Qua Frg Acc Com Ac0 Matter Collected 8490 | 254 438 342 12 140 155 165 255 70 70 . 110 139 136 607 20 20 128 101 . 411 291 20 147 3287 . 297 875 Remotely 605 | . . . . . . . . . . . . . . . . . . . . . . . . 605 . . . Salvage Created 12134 | . 760 436 59 . 230 . 285 311 36 . 154 121 169 418 37 . 79 61 . 1082 1051 220 304 2801 128 1078 2314 Parts 676 | . 58 29 6 . 11 . 19 12 7 . 14 9 9 18 4 . 2 6 . 41 71 4 12 135 12 41 156 Haulers Intercepted 8 | . 2 . . . 1 . 1 . . . . . . . . . . . . 2 1 . . 1 . . . Recyclers Shooed 5 | . 4 . . . . . . . . . . . . . . . . . . . 1 . . . . . . Parts Field Recycled . | . . . . . . . . . . . . . . . . . . . . . . . . . . . . Retrieved Matter . | . . . . . . . . . . . . . . . . . . . . . . . . . . . . Parts Self-Destructed 33 | . . 16 . . . . . 7 4 . 6 . . . . . . . . . . . . . . . . Prevented . | . . . . . . . . . . . . . . . . . . . . . . . . . . . . Parts Restored 20 | . . . . . . . . . . . . . . . . . . . . . . . . 20 . . . Faulty 20 | . . . . . . . . . . . . . . . . . . . . . . . . 20 . . . Kills | -11 -10 -10 -8 -8 -6 -6 -6 -6 -6 -6 -5 -5 -5 -5 -5 -5 -4 -4 -4 -3 -3 -2 -2 -2 -1 -1 -1 ------- Run | Yrd Mat Sub Rec Scr Fac Was Fac Low Low Zio Pro Fac Ext Cet Arc Hub Fac Arm Lab Res Tes Res Qua Frg Acc Com Ac0 Combat Hostiles Destroyed 158 | . 17 13 1 . 3 . 5 4 4 . 6 . 2 7 . . . . . 7 13 . 3 43 2 4 24 Melee 40 | . . . . . . . 1 1 . . 1 . 1 . . . . . . . 12 . . 14 2 4 4 Guns 13 | . 7 5 1 . . . . . . . . . . . . . . . . . . . . . . . . Cannons 67 | . 6 3 . . . . . . . . . . 1 7 . . . . . 4 1 . 3 22 . . 20 AOE 33 | . 4 4 . . 3 . 4 3 4 . 5 . . . . . . . . . . . . 6 . . . Classes Destroyed 25 | . 7 1 1 . 2 . 2 1 . . 2 . . 1 . . . . . . . . . 8 . . . Worker 7 | . 1 . . . 1 . 3 . . . . 1 . . . . . . . 1 . . . . . . . Builder 1 | . . . . . 1 . . . . . . . . . . . . . . . . . . . . . . Tunneler 2 | . . . . . . . 1 . . . . 1 . . . . . . . . . . . . . . . Hauler 8 | . 2 . . . 1 . 1 . . . . . . . . . . . . 2 1 . . 1 . . . Recycler 3 | . 1 . . . . . . . . . . . . . . . . . . 1 . 1 . . . . . Minesweeper 1 | . . . . . . . . . . . 1 . . . . . . . . . . . . . . . . Mechanic 1 | . . . . . . . . . . . . . . . . . . . . . . . . 1 . . . Operator 9 | . . . . . 1 . 1 . . . . 2 1 . 1 . . 2 . . 1 . . . . . . Drone 9 | . . . . . . . . . . . . . . . . . . . . . . . . 9 . . . Turret 2 | . . 2 . . . . . . . . . . . . . . . . . . . . . . . . . Watcher 20 | . 3 . . . 2 . 2 . . . . 1 . . . . 2 . . 3 2 2 1 1 . 1 . Swarmer 31 | . 4 2 . . 3 . 4 3 4 . 5 . . . . . . . . . 5 . . 1 . . . Grunt 17 | . 11 . . . . . . . . . . . 1 . . . . . . 1 4 . . . . . . Researcher 2 | . . . . . . . . . . . . . . . . . . . . . . . . 2 . . . Sentry 17 | . . . 1 . . . . . . . . . . . . . . . . 3 . . 3 10 . . . Hunter 4 | . . . . . . . . 1 . . . . . . . . . . . . . . . 1 . 2 . Programmer 11 | . . . . . . . 1 . . . . . . . . . . . . . 4 . . 4 2 . . Behemoth 6 | . . . . . . . . . . . 1 . 1 . . . . . . 3 . . . 1 . . . Cetus Guard 7 | . . . . . . . . . . . . . . 7 . . . . . . . . . . . . . Enhanced Grunt 18 | . . . . . . . . . . . . . . . . . . . . . . . . . . . 18 Enhanced Hunter 2 | . . . . . . . . . . . . . . . . . . . . . . . . . . . 2 Hotshot 2 | . . . . . . . . . . . . . . . . . . . . . . . . 2 . . . Decapitator 6 | . . . . . . . . . . . . . . . . . . . . . . . . 6 . . . Immortal 2 | . . . . . . . . . . . . . . . . . . . . . . . . 2 . . . Executioner 4 | . . . . . . . . . . . . . . . . . . . . . . . . 4 . . . Alpha 7 2 | . . . . . . . . . . . . . . . . . . . . . . . . 2 . . . Subdweller 13 | . 2 11 . . . . . . . . . . . . . . . . . . . . . . . . . Scrapoid 1 | . . . . . . . . . . . . . . . . . . . . . . . . 1 . . . Savage 1 | . . . . . . . . . . . . . . 1 . . . . . . . . . . . . . Best Kill Streak 7 | . 7 4 1 . 4 . 6 3 4 . 5 2 1 2 1 . 1 1 . 2 4 1 3 4 2 3 4 Combat Bots Only 5 | . 5 4 1 . 2 . 4 3 4 . 5 . 1 2 . . . . . 2 4 . 3 4 2 2 4 Max Kills in Single Turn 4 | . 2 1 1 . 2 . 2 2 3 . 4 1 1 1 1 . 1 1 . 1 1 1 1 3 1 1 1 Gunslinging . | . . . . . . . . . . . . . . . . . . . . . . . . . . . . Exploded 4 | . 2 1 . . 2 . 2 2 3 . 4 . . . . . . . . . . . . 3 . . . Melee 1 | . . . . . . . 1 1 . . 1 . 1 . . . . . . . 1 . . 1 1 1 1 Uniques/NPCs Destroyed 6 | . . . . . . . . . . . . . . . . . . . . . . . . . . 2 4 MAIN.C Shell (-1/Command) MAIN.C (-1/Command) A8 (-1/Access_0) A6 (-1/Access_0) A5 (-1/Access_0) Architect (-1/Access_0) Combat | -11 -10 -10 -8 -8 -6 -6 -6 -6 -6 -6 -5 -5 -5 -5 -5 -5 -4 -4 -4 -3 -3 -2 -2 -2 -1 -1 -1 -------- Run | Yrd Mat Sub Rec Scr Fac Was Fac Low Low Zio Pro Fac Ext Cet Arc Hub Fac Arm Lab Res Tes Res Qua Frg Acc Com Ac0 Hostile Shots Fired 812 | . 69 34 . . 18 . 42 7 2 . 24 6 5 12 . . 2 11 . 19 48 4 2 87 1 76 343 Missed 387 | . 20 5 . . 12 . 21 2 . . 10 3 1 8 . . 1 8 . 8 20 . . 39 1 23 205 Deflected 4 | . . . . . . . . . . . . . . . . . . . . . . . . 4 . . . Hits 425 | . 49 29 . . 6 . 21 5 2 . 14 3 4 4 . . 1 3 . 11 28 4 2 48 . 53 138 Melee 19 | . . . . . . . 1 . . . . . . . . . . . . . . . . 1 . . 17 Projectile 406 | . 49 29 . . 6 . 20 5 2 . 14 3 4 4 . . 1 3 . 11 28 4 2 47 . 53 121 AOE 3 | . . . . . . . . . . . . . . . . . . . . . . . . 3 . . . Critical Strikes 28 | . . . . . . . 1 . . . . 1 . 2 . . . . . . 1 . . 5 . . 18 Part Disruptions 4 | . . . . . . . . . . . . . . . . . . . . . . . . . . 3 1 Damage Taken 11244 | . 691 570 . . 95 . 386 76 31 . 199 52 108 164 . 34 19 54 . 403 742 357 . 1863 . 963 4437 Core 1458 | . 65 52 . . 18 . 97 . 31 . 33 . 25 29 . . . . . 28 48 . . 228 . 88 716 Absorbed by Shields 948 | . . . . . . . . . . . . 5 20 . . . . . . . . . . 30 . 893 . Redirected to Shielding 119 | . . . . . 30 . . . . . . . . . . . . . . . . . . 89 . . . Regen/Repaired (Parts) 461 | . 90 . . . . 24 . . . . . . . . . . . . . 69 . . . 50 . 228 . Core Remaining (%) 78 | 100 . . . 53 . . . . . . 78 . . . . 94 . . 100 . 94 . . 69 . . 40 Volleys Fired 429 | 1 71 42 1 . 14 . 4 2 2 . 2 . 5 61 . . 3 . . 21 9 . 9 81 . 65 36 Largest 2 | 2 2 2 2 . 1 . 1 1 1 . 1 . 1 1 . . 1 . . 1 1 . 1 2 . 1 1 Hottest 180 | 40 85 120 90 . 90 . 30 43 43 . 43 . 48 48 . . 81 . . 56 56 . 56 180 . 130 94 Shots Fired 503 | 2 114 57 2 . 14 . 4 2 2 . 2 . 5 61 . . 3 . . 21 9 . 9 95 . 65 36 Gun 160 | 2 77 31 2 . . . . . . . . . . . . . . . . . . . . . . 48 . Cannon 301 | . 31 11 . . 9 . . . . . . . 5 61 . . 3 . . 21 9 . 9 89 . 17 36 Launcher 40 | . 6 15 . . 5 . 4 2 2 . 2 . . . . . . . . . . . . 4 . . . Special 2 | . . . . . . . . . . . . . . . . . . . . . . . . 2 . . . Kinetic 279 | 2 49 9 1 . . . . . . . . . 5 61 . . 1 . . 21 9 . 9 78 . . 34 Thermal 178 | . 59 33 1 . 9 . . . . . . . . . . . . . . . . . . 11 . 65 . Explosive 40 | . 6 15 . . 5 . 4 2 2 . 2 . . . . . . . . . . . . 4 . . . Electromagnetic 4 | . . . . . . . . . . . . . . . . . 2 . . . . . . . . . 2 Robot Hit Streak 32 | 2 13 17 2 . 3 . 3 5 . . 2 . 4 6 . . 4 . . 6 2 . 6 22 . 32 7 Robot Miss Streak 12 | . 4 2 . . 2 . . . 1 . . . 3 5 . . 1 . . 2 2 . 4 6 . 1 12 Penetration Max 1 | . . . . . . . . . . . . . 1 1 . . . . . . 1 . . 1 . . 1 Secondary Targets 2 | . 2 . . . . . . . . . . . . . . . . . . . . . . . . . . Max Gunslinging Chain 1 | . 1 . . . . . . . . . . . . . . . . . . . . . . . . . . Shots Hit Robots 681 | 2 73 36 1 . 4 . 18 10 . . 5 8 32 34 3 1 7 15 . 32 49 7 8 116 4 89 127 Core Hits 464 | . 39 29 1 . 7 . 14 9 3 . 6 4 3 17 1 . 2 2 . 11 29 4 6 132 2 37 106 Critical Kills 60 | . . 2 . . . . . . . . . . 1 7 . . . . . 5 1 . 4 20 . . 20 Critical Parts Destroyed 60 | . . . . . 1 . . . . . . . 1 12 . . . . . 5 3 . . 26 . . 12 Critical Strikes 225 | . . 2 . . 1 . 2 2 . . . . 3 25 . . . 2 . 14 9 . 5 75 2 20 63 Burn 4 | . . . . . . . . . . . . . . . . . . . . . . . . . . 4 . Meltdown 1 | . . 1 . . . . . . . . . . . . . . . . . . . . . . . . . Destroy 144 | . . 1 . . . . . . . . . . 2 25 . . . . . 12 4 . 5 61 . . 34 Blast 5 | . . . . . . . . . . . . . . . . . . . . . . . . 5 . . . Smash 1 | . . . . . 1 . . . . . . . . . . . . . . . . . . . . . . Sever 2 | . . . . . . . . . . . . . . . . . . . . . . . . . . . 2 Impale 68 | . . . . . . . 2 2 . . . . 1 . . . . 2 . 2 5 . . 9 2 16 27 Melee Attacks 742 | . . . . . 12 . 59 11 6 1 5 46 35 . 3 12 17 38 14 55 89 33 9 94 10 64 129 Impact 7 | . . . . . 6 . . . . . . . . . . . . . . . . . . 1 . . . Slashing 54 | . . . . . . . . . . . . . . . . . . . . . . . . 22 6 10 16 Piercing 640 | . . . . . 6 . 59 11 6 1 5 44 12 . 2 12 14 27 14 55 88 33 9 71 4 54 113 Sneak Attacks 80 | . . . . . 1 . 5 1 . . 1 5 23 . 2 . 3 12 . 7 3 2 . 13 2 . . Combat Hostiles 5 | . . . . . . . 1 1 . . . . . . . . . . . 1 . . . . 2 . . Follow-up Attacks 113 | . . . . . . . . . . . . . . . . . . . . . 11 8 . 6 1 22 65 Martial Strikes 8 | . . . . . . . . . . . . . . . . . . . . . . . . . 2 2 4 Damage Inflicted 26270 | 21 1391 1453 21 . 575 . 1452 767 376 . 641 377 321 939 116 44 213 208 . 1182 2271 332 205 6126 302 2873 4064 Guns 1648 | 21 558 399 21 . . . . . . . . . . . . . . . . . . . . . . 649 . Cannons 5047 | . 452 255 . . 64 . . . . . . . 67 939 . . 114 . . 337 113 . 104 2352 . . 250 Explosions 3975 | . 365 799 . . 339 . 541 300 376 . 483 . . . . . . . . . . . . 772 . . . Melee 15584 | . . . . . 172 . 911 467 . . 158 377 254 . 116 44 99 208 . 845 2158 332 101 3002 302 2224 3814 Ramming 16 | . 16 . . . . . . . . . . . . . . . . . . . . . . . . . . Kinetic 4632 | 21 400 83 . . . . . . . . . . 67 939 . . . . . 337 113 . 104 2352 . . 216 Thermal 1915 | . 610 571 21 . 64 . . . . . . . . . . . . . . . . . . . . 649 . Explosive 3975 | . 365 799 . . 339 . 541 300 376 . 483 . . . . . . . . . . . . 772 . . . Electromagnetic 148 | . . . . . . . . . . . . . . . . . 114 . . . . . . . . . 34 Impact 172 | . . . . . 172 . . . . . . . . . . . . . . . . . . . . . . Slashing 2031 | . . . . . . . . . . . . . . . . . . . . . . . . 651 69 549 762 Piercing 13381 | . . . . . . . 911 467 . . 158 377 254 . 116 44 99 208 . 845 2158 332 101 2351 233 1675 3052 Highest Corruption 9 | . . . . . . . . . . . . 1 1 1 1 1 . . . 5 9 . . 3 . 1 1 Average Corruption 2 | . . . . . . . . . . . . 1 1 1 1 1 . . . 2 7 . . 2 . 1 1 Corruption Purged 8 | . . . . . . . . . . . . . . . 1 . . . . . . . . 6 . 1 . Corruption Blocked 8 | . . . . . . . . . . . . . . . . . . . . . . . . . . 8 . Effects 63 | . . . . . . . . . . . . . 4 2 1 . . . . 7 25 . . 22 . 2 . Message Errors 16 | . . . . . . . . . . . . . . . 1 . . . . 3 5 . . 7 . . . Matter Fused 18 | . . . . . . . . . . . . . 1 . . . . . . 2 6 . . 8 . 1 . Heat Flow Errors 10 | . . . . . . . . . . . . . 2 1 . . . . . 1 5 . . 1 . . . Energy Discharges 9 | . . . . . . . . . . . . . 1 1 . . . . . . 3 . . 4 . . . Data Loss (minor) 5 | . . . . . . . . . . . . . . . . . . . . . 3 . . 2 . . . Data Loss (major) 3 | . . . . . . . . . . . . . . . . . . . . 1 1 . . . . 1 . Alerts 2 | . . . . . . . . . . . . . . . . . . . . . 2 . . . . . . Overload Shots . | . . . . . . . . . . . . . . . . . . . . . . . . . . . . Overflow Damage 2134 | . 6 . . . 140 . 114 93 18 . 28 93 48 . 27 9 15 29 . 132 142 20 3 866 170 93 88 Projectiles 107 | . 6 . . . . . . . . . . . . . . . 1 . . . . . . 100 . . . Explosions 59 | . . . . . 3 . 10 . 18 . 28 . . . . . . . . . . . . . . . . Melee 1968 | . . . . . 137 . 104 93 . . . 93 48 . 27 9 14 29 . 132 142 20 3 766 170 93 88 Knockbacks 15 | . 1 . . . . . . . . . . . . . . . . . . 2 . . . 7 . . 5 Impact 1 | . 1 . . . . . . . . . . . . . . . . . . . . . . . . . . Kinetic 14 | . . . . . . . . . . . . . . . . . . . . 2 . . . 7 . . 5 Secondary . | . . . . . . . . . . . . . . . . . . . . . . . . . . . . Self-Inflicted Damage 36 | . 36 . . . . . . . . . . . . . . . . . . . . . . . . . . Shots 2 | . 2 . . . . . . . . . . . . . . . . . . . . . . . . . . Rammed 7 | . 7 . . . . . . . . . . . . . . . . . . . . . . . . . . Targets Rammed 7 | . 7 . . . . . . . . . . . . . . . . . . . . . . . . . . Kicked . | . . . . . . . . . . . . . . . . . . . . . . . . . . . . Crushed . | . . . . . . . . . . . . . . . . . . . . . . . . . . . . Highest Temperature 293 | . 82 39 . . 154 . 36 . 93 . 48 100 264 130 . 17 64 34 230 246 293 283 56 236 3 292 . Average Temperature 52 | . 20 20 . . 53 . 12 . 43 . 26 18 38 38 . 12 27 22 117 29 47 92 21 62 3 84 . Received Heat Transfer 861 | . 228 81 . . 18 . 111 . . . 24 19 17 18 . . . 12 . 51 48 9 . 205 . 20 . Effects 6 | . . . . . . . . . . . . . . . . . . . . . 2 . . . . 4 . Interference 6 | . . . . . . . . . . . . . . . . . . . . . 2 . . . . 4 . Siege Activations . | . . . . . . . . . . . . . . . . . . . . . . . . . . . . Martial Activations . | . . . . . . . . . . . . . . . . . . . . . . . . . . . . Shielding Activations . | . . . . . . . . . . . . . . . . . . . . . . . . . . . . Robots Disrupted . | . . . . . . . . . . . . . . . . . . . . . . . . . . . . Combat Hostiles . | . . . . . . . . . . . . . . . . . . . . . . . . . . . . Robots Corrupted 2 | . . . . . 2 . . . . . . . . . . . . . . . . . . . . . . Combat Hostiles . | . . . . . . . . . . . . . . . . . . . . . . . . . . . . Parts Fried 4 | . . . . . 3 . . . . . . . . . . . 1 . . . . . . . . . . Impact Corruptions 3 | . . . . . 3 . . . . . . . . . . . . . . . . . . . . . . Robots Melted 1 | . . 1 . . . . . . . . . . . . . . . . . . . . . . . . . Combat Hostiles 1 | . . 1 . . . . . . . . . . . . . . . . . . . . . . . . . Parts Melted 13 | . 5 1 . . . . . . . . 6 . . . . . . . . . . . . 1 . . . Heat Transferred 4154 | . 1323 708 25 . 100 . . . . . . . . . . . . . . . . . . . . 1998 . Parts Sabotaged . | . . . . . . . . . . . . . . . . . . . . . . . . . . . . Parts Stolen . | . . . . . . . . . . . . . . . . . . . . . . . . . . . . Parts Stripped . | . . . . . . . . . . . . . . . . . . . . . . . . . . . . Power Chain Reactions . | . . . . . . . . . . . . . . . . . . . . . . . . . . . . Alert | -11 -10 -10 -8 -8 -6 -6 -6 -6 -6 -6 -5 -5 -5 -5 -5 -5 -4 -4 -4 -3 -3 -2 -2 -2 -1 -1 -1 ------- Run | Yrd Mat Sub Rec Scr Fac Was Fac Low Low Zio Pro Fac Ext Cet Arc Hub Fac Arm Lab Res Tes Res Qua Frg Acc Com Ac0 Maximum Alert Level 3 | . . . . . . . 3 . . . . . 1 . 1 2 . 1 . . 1 . . 3 2 2 . Low Security (%) 47 | 100 100 . 100 . 100 100 6 . . . . 100 99 100 63 8 100 49 . 100 62 100 100 11 . 12 . Level 1 30 | . . . . . . . 17 . . . . . . . 36 72 . 50 . . 37 . . 42 . 87 . Level 2 15 | . . . . . . . 43 . . . . . . . . 19 . . . . . . . 32 100 . . Level 3 6 | . . . . . . . 32 . . . . . . . . . . . . . . . . 12 . . . Level 4 . | . . . . . . . . . . . . . . . . . . . . . . . . . . . . Level 5 . | . . . . . . . . . . . . . . . . . . . . . . . . . . . . High Security . | . . . . . . . . . . . . . . . . . . . . . . . . . . . . Max Security . | . . . . . . . . . . . . . . . . . . . . . . . . . . . . Peak Influence 796 | . 197 . 113 . 101 26 796 . . . . 31 254 181 253 436 193 315 . 96 262 130 164 788 656 412 . Initial 472 | . . . 93 . . 26 . . . . . . 7 . 56 46 183 19 . . 29 130 63 60 472 412 . Average 265 | . 84 . 87 . 32 7 569 . . . . 6 78 93 161 353 127 154 . 35 147 106 115 434 527 114 . Influence Increases 9497 | . 469 230 20 . 193 . 1826 110 150 . 220 192 607 368 257 569 169 523 . 482 599 154 174 1558 284 194 149 Destroy 0b10 Robot/C 3740 | . 300 80 20 . 60 . 720 80 80 . 120 . 280 160 80 160 40 260 . 140 260 . 60 720 40 80 . Destroy 0b10 Robot/NC 385 | . 35 . . . 30 . 50 10 . . 5 25 20 . 5 5 10 15 . 35 30 15 5 70 . 20 . Destroy Leader 654 | . 60 . . . 16 . 178 20 10 . 20 2 34 . . 32 14 42 . 70 46 4 2 72 20 12 . Allied During Kill 798 | . . . . . . . 274 . . . . . 152 35 85 192 5 55 . . . . . . . . . Successful Hack 372 | . . . . . 35 . 20 . . . . 24 47 . . . 39 . . 52 45 . 44 48 9 9 . Select Force Hacks 100 | . . . . . . . . . . . . . . . . 100 . . . . . . . . . . . Disable Machine 780 | . . . . . . . 105 . . . . 30 . . 15 30 . 60 . 15 60 . 60 315 . 30 60 Destroy Structure 608 | . 44 . . . 22 . 89 . . . . 36 14 8 12 20 16 46 . 50 38 30 3 48 15 43 74 Partial Spotted 765 | . . . . . . . 90 . . . . 60 45 45 60 30 15 30 . 105 60 60 . 150 . . 15 Lose Combat Pursuer 1095 | . 30 150 . . 30 . 300 . 60 . 75 15 15 120 . . 30 15 . 15 60 45 . 135 . . . Active Sensor Use 200 | . . . . . . . . . . . . . . . . . . . . . . . . . 200 . . Influence Decreases 9458 | . 466 39 151 63 116 77 1034 464 298 290 220 175 624 227 265 327 504 301 262 429 420 272 181 877 426 604 346 Entered New Map 2553 | . . 3 101 63 . 51 . 294 84 290 . . 10 . 85 87 192 21 262 . 24 102 51 47 316 234 236 Time Decay 5120 | . 456 36 50 . 116 26 474 170 214 . 220 175 294 172 180 140 262 130 . 419 356 150 130 770 110 70 . Lost Part 250 | . 10 . . . . . 20 . . . . . . . . . . . . 10 20 20 . 60 . . 110 Lost Ally 831 | . . . . . . . 390 . . . . . 66 55 . 100 50 150 . . 20 . . . . . . Purge Threat 704 | . . . . . . . 150 . . . . . 254 . . . . . . . . . . . . 300 . Squads Dispatched 75 | . 2 . . . 3 . 17 . . . . 8 . . . 5 10 3 . 5 3 4 2 10 3 . . Investigation 40 | . 2 . . . 1 . 8 . . . . 6 . . . 2 8 . . 4 1 1 . 5 2 . . Extermination 16 | . . . . . 1 . 3 . . . . 2 . . . . 2 1 . . 2 1 2 1 1 . . Reinforcement 13 | . . . . . 1 . 2 . . . . . . . . 1 . 2 . 1 . 2 . 4 . . . Assault 3 | . . . . . . . 1 . . . . . . . . 2 . . . . . . . . . . . Garrison 3 | . . . . . . . 3 . . . . . . . . . . . . . . . . . . . . Intercept . | . . . . . . . . . . . . . . . . . . . . . . . . . . . . Searches Triggered . | . . . . . . . . . . . . . . . . . . . . . . . . . . . . Unchained Authorized 1 | . . . . . . . . . . . . . . . . . . . . . . . . . 1 . . Construction Impeded 1 | . . . . . . . 1 . . . . . . . . . . . . . . . . . . . . Haulers Reinforced 1 | . . . . . . . . . . . . . . . . . . . . 1 . . . . . . . Active Scanning Responses 2 | . . . . . . . . . . . . . . . . . . . . . . . . . 2 . . Cargo Convoy Interrupts . | . . . . . . . . . . . . . . . . . . . . . . . . . . . . Stealth | -11 -10 -10 -8 -8 -6 -6 -6 -6 -6 -6 -5 -5 -5 -5 -5 -5 -4 -4 -4 -3 -3 -2 -2 -2 -1 -1 -1 --------- Run | Yrd Mat Sub Rec Scr Fac Was Fac Low Low Zio Pro Fac Ext Cet Arc Hub Fac Arm Lab Res Tes Res Qua Frg Acc Com Ac0 Distress Signals 51 | . 1 . . . 1 . 3 . . . . . 2 2 1 2 . . . 2 2 . 1 17 . 17 . Communications Jammed 4 | . . . . . . . . . . . . . . . . . . . . . . . . . 4 . . Distress Signals 4 | . . . . . . . . . . . . . . . . . . . . . . . . . 4 . . Times Spotted 379 | . 22 14 . . 24 . 49 2 4 . 11 15 20 15 1 10 10 16 . 13 28 11 10 62 2 7 33 Peak Tracking Total 10 | . 4 4 . . 6 . 10 1 4 . 5 10 3 5 . 3 7 8 . 2 5 3 5 10 1 2 7 Tactical Retreats 43 | . 1 2 . . 5 . 9 . 1 . 1 1 1 5 . . 1 1 . 1 3 1 . 8 . . 2 ECM-based Alert Blocks 14 | . . . . . 14 . . . . . . . . . . . . . . . . . . . . . . Traps | -11 -10 -10 -8 -8 -6 -6 -6 -6 -6 -6 -5 -5 -5 -5 -5 -5 -4 -4 -4 -3 -3 -2 -2 -2 -1 -1 -1 ------- Run | Yrd Mat Sub Rec Scr Fac Was Fac Low Low Zio Pro Fac Ext Cet Arc Hub Fac Arm Lab Res Tes Res Qua Frg Acc Com Ac0 Traps Triggered 34 | . 6 . . . 2 . 3 . . . . 3 1 . . . . . . 3 . 1 . 14 . 1 . Indirectly . | . . . . . . . . . . . . . . . . . . . . . . . . . . . . Trap Hack Attempts 19 | . . . . . . . . . . . . . 19 . . . . . . . . . . . . . . Triggered . | . . . . . . . . . . . . . . . . . . . . . . . . . . . . Disarmed 1 | . . . . . . . . . . . . . 1 . . . . . . . . . . . . . . Reprogrammed 2 | . . . . . . . . . . . . . 2 . . . . . . . . . . . . . . Reused 2 | . . . . . . . . . . . 2 . . . . . . . . . . . . . . . . Traps Extracted . | . . . . . . . . . . . . . . . . . . . . . . . . . . . . Installed 3 | . . . . . . . . . . . 2 . . . . . 1 . . . . . . . . . . Triggered 2 | . . . . . . . . . . . 2 . . . . . . . . . . . . . . . . Most Traps Carried 5 | . . 1 1 1 . . . . . . 5 5 5 5 5 5 5 4 4 . . . . . . . . Machines | -11 -10 -10 -8 -8 -6 -6 -6 -6 -6 -6 -5 -5 -5 -5 -5 -5 -4 -4 -4 -3 -3 -2 -2 -2 -1 -1 -1 ---------- Run | Yrd Mat Sub Rec Scr Fac Was Fac Low Low Zio Pro Fac Ext Cet Arc Hub Fac Arm Lab Res Tes Res Qua Frg Acc Com Ac0 Machines Disabled 62 | . . 3 . . . . 7 . . . . 2 2 . 1 2 . 4 2 1 4 . 4 24 . 2 4 Max in Single Turn 2 | . . 2 . . . . 1 . . . . 1 . . . . . . 1 1 1 . 1 2 . 1 1 Garrison Access 7 | . . . . . . . . . . . . 1 . . . 2 . . . 2 1 . . 1 . . . Network Hub 2 | . . . . . . . . . . . . . . . . 2 . . . . . . . . . . . Machines Repaired . | . . . . . . . . . . . . . . . . . . . . . . . . . . . . Machines Dismantled . | . . . . . . . . . . . . . . . . . . . . . . . . . . . . Machines Sabotaged 2 | . . . . . . . . . . . . . . . . 2 . . . . . . . . . . . Overloaded Fab Kills . | . . . . . . . . . . . . . . . . . . . . . . . . . . . . Hacking | -11 -10 -10 -8 -8 -6 -6 -6 -6 -6 -6 -5 -5 -5 -5 -5 -5 -4 -4 -4 -3 -3 -2 -2 -2 -1 -1 -1 --------- Run | Yrd Mat Sub Rec Scr Fac Was Fac Low Low Zio Pro Fac Ext Cet Arc Hub Fac Arm Lab Res Tes Res Qua Frg Acc Com Ac0 Machines Accessed 99 | . 1 . . 1 5 . 14 . . 1 . 11 11 . . 4 11 1 . 11 8 2 4 8 5 1 . Terminals 51 | . . . . . 4 . 6 . . . . 4 11 . . 3 3 1 . 2 5 1 3 2 5 1 . Fabricators 15 | . . . . . . . 3 . . . . 3 . . . . 2 . . 2 1 . . 4 . . . Repair Stations 4 | . 1 . . . . . . . . . . . . . . . . . . 3 . . . . . . . Recycling Units 15 | . . . . . 1 . 3 . . . . 3 . . . . 6 . . . . 1 . 1 . . . Scanalyzers 7 | . . . . . . . 2 . . . . . . . . . . . . 3 1 . 1 . . . . Garrison Access 5 | . . . . . . . . . . . . 1 . . . 1 . . . 1 1 . . 1 . . . Total Hacks 234 | . 2 . . 4 6 . 35 . . 7 . 27 22 . . 7 21 1 . 36 19 3 14 18 7 5 . Successful 166 | . 2 . . 4 6 . 22 . . 7 . 12 13 . . 5 14 1 . 29 14 2 12 13 6 4 . Failed 68 | . . . . . . . 13 . . . . 15 9 . . 2 7 . . 7 5 1 2 5 1 1 . Catastrophic 4 | . . . . . . . . . . . . 1 . . . 1 . . . . 1 1 . . . . . Database Lockouts . | . . . . . . . . . . . . . . . . . . . . . . . . . . . . Manual 90 | . . . . . 5 . 15 . . . . 11 4 1 . 3 14 1 . 6 4 2 12 4 4 4 . Terminals 113 | . . . . . 5 . 17 . . . . 7 22 . . 6 8 1 . 8 9 2 12 4 7 5 . Fabricators 49 | . . . . . . . 10 . . . . 13 . . . . 5 . . 5 5 . . 11 . . . Repair Stations 10 | . 2 . . . . . . . . . . . . . . . . . . 8 . . . . . . . Recycling Units 19 | . . . . . 1 . 3 . . . . 5 . . . . 8 . . . . 1 . 1 . . . Scanalyzers 25 | . . . . . . . 5 . . . . . . . . . . . . 14 4 . 2 . . . . Garrison Access 7 | . . . . . . . . . . . . 2 . . . 1 . . . 1 1 . . 2 . . . Terminal Hacks 63 | . . . . 4 2 . 4 . . 7 . 1 10 . . 2 1 1 . 5 5 1 7 3 6 4 . Record 4 | . . . . 4 . . . . . . . . . . . . . . . . . . . . . . . Part Schematic 11 | . . . . . . . 1 . . 7 . 1 2 . . . . . . . . . . . . . . Robot Analysis 7 | . . . . . . . . . . . . . . . . . . . . . 2 . 5 . . . . Prototype ID Bank 1 | . . . . . . . . . . . . . . . . . . . . 1 . . . . . . . Open Door 7 | . . . . . . . . . . . . . 4 . . . . . . . . . . . 3 . . Branch Access Points 4 | . . . . . . . 1 . . . . . . . . . . . . 1 . 1 . . 1 . . Terminal Index 1 | . . . . . . . . . . . . . . . . . . . . 1 . . . . . . . Scanalyzer Index 2 | . . . . . . . 1 . . . . . . . . . . . . 1 . . . . . . . Alert Level 2 | . . . . . . . . . . . . . 1 . . . . . . . . . . 1 . . . Unreport Threat 5 | . . . . . . . 1 . . . . . 2 . . . . . . . . . . . . 2 . Locate Traps 3 | . . . . . 1 . . . . . . . 1 . . . . . . . . . . 1 . . . Patrol Status 2 | . . . . . . . . . . . . . . . . . . . . . . . . . 1 1 . Recall Investigation 2 | . . . . . . . . . . . . . . . . 2 . . . . . . . . . . . Recall Extermination 2 | . . . . . . . . . . . . . . . . . . . . . . . 1 1 . . . Recall Reinforcements 1 | . . . . . . . . . . . . . . . . . . 1 . . . . . . . . . Zone Layout 9 | . . . . . 1 . . . . . . . . . . . 1 . . 1 3 . 1 . 1 1 . Fabricator Hacks 31 | . . . . . . . 7 . . . . 5 . . . . 4 . . 5 2 . . 8 . . . Network Status 2 | . . . . . . . 1 . . . . . . . . . . . . 1 . . . . . . . Load Schematic 15 | . . . . . . . 3 . . . . 3 . . . . 2 . . 2 1 . . 4 . . . Build 14 | . . . . . . . 3 . . . . 2 . . . . 2 . . 2 1 . . 4 . . . Repair Station Hacks 6 | . 2 . . . . . . . . . . . . . . . . . . 4 . . . . . . . Scan Component 3 | . 1 . . . . . . . . . . . . . . . . . . 2 . . . . . . . Repair 3 | . 1 . . . . . . . . . . . . . . . . . . 2 . . . . . . . Recycling Unit Hacks . | . . . . . . . . . . . . . . . . . . . . . . . . . . . . Scanalyzer 22 | . . . . . . . 4 . . . . . . . . . . . . 12 4 . 2 . . . . Insert Component 11 | . . . . . . . 2 . . . . . . . . . . . . 5 2 . 2 . . . . Analyze 7 | . . . . . . . 2 . . . . . . . . . . . . 3 2 . . . . . . Retrieve Study 4 | . . . . . . . . . . . . . . . . . . . . 4 . . . . . . . Garrison Access Hacks 5 | . . . . . . . . . . . . 1 . . . 1 . . . 1 1 . . 1 . . . Seal Access 5 | . . . . . . . . . . . . 1 . . . 1 . . . 1 1 . . 1 . . . Unauthorized Hacks 39 | . . . . . 4 . 7 . . . . 5 3 . . 2 9 . . 2 2 1 3 1 . . . Terminals 23 | . . . . . 3 . 3 . . . . 2 3 . . 2 3 . . 2 2 . 3 . . . . Assimilate 7 | . . . . . . . 1 . . . . . 1 . . . 1 . . 1 2 . 1 . . . . Botnet 13 | . . . . . 2 . 2 . . . . 2 2 . . . 2 . . 1 . . 2 . . . . Operators 1 | . . . . . 1 . . . . . . . . . . . . . . . . . . . . . . Sabotage 2 | . . . . . . . . . . . . . . . . 2 . . . . . . . . . . . Fabricators 1 | . . . . . . . 1 . . . . . . . . . . . . . . . . . . . . Liberate 1 | . . . . . . . 1 . . . . . . . . . . . . . . . . . . . . Repair Stations . | . . . . . . . . . . . . . . . . . . . . . . . . . . . . Recycling Units 15 | . . . . . 1 . 3 . . . . 3 . . . . 6 . . . . 1 . 1 . . . Fedlink 15 | . . . . . 1 . 3 . . . . 3 . . . . 6 . . . . 1 . 1 . . . Scanalyzers . | . . . . . . . . . . . . . . . . . . . . . . . . . . . . Garrison Access . | . . . . . . . . . . . . . . . . . . . . . . . . . . . . Data Cores Recovered 7 | . . . . . . . 1 . . . . 2 1 . . . . 2 . . 1 . . . . . . Used 5 | . . . . . . . 1 . . . . 1 1 . . . . 1 . . 1 . . . . . . Hacking Detections 46 | . 1 . . . 2 . 11 . . . . 6 4 . . 1 3 . . 6 3 . 1 5 2 1 . Full Trace Events 16 | . . . . . . . 4 . . . . 3 . . . . 2 . . 2 1 . . 4 . . . Feedback Events . | . . . . . . . . . . . . . . . . . . . . . . . . . . . . Feedback Blocked . | . . . . . . . . . . . . . . . . . . . . . . . . . . . . Robot Schematics Acquired 5 | . . . . . . . . . . 3 . . . . . . . . . . 1 . . 1 . . . Robots Built . | . . . . . . . . . . . . . . . . . . . . . . . . . . . . Authchips . | . . . . . . . . . . . . . . . . . . . . . . . . . . . . Time . | . . . . . . . . . . . . . . . . . . . . . . . . . . . . Total Robot Build Rating . | . . . . . . . . . . . . . . . . . . . . . . . . . . . . Part Schematics Acquired 46 | . . . . . . . 3 . . 23 . 1 2 . . . . . . 3 5 . . 9 . . . Parts Built 16 | . . . . . . . 4 . . . . 2 . . . . 2 . . 2 1 . . 5 . . . Authchips . | . . . . . . . . . . . . . . . . . . . . . . . . . . . . Time 1108 | . . . . . . . 251 . . . . 140 . . . . 140 . . 225 102 . . 250 . . . Total Part Build Rating 108 | . . . . . . . 22 . . . . 12 . . . . 12 . . 12 8 . . 42 . . . Part Studies Acquired 4 | . . . . . . . . . . . . . . . . . . . . 4 . . . . . . . Parts Repaired 3 | . 1 . . . . . . . . . . . . . . . . . . 2 . . . . . . . Time 160 | . 26 . . . . . . . . . . . . . . . . . . 134 . . . . . . . Parts Recycled . | . . . . . . . . . . . . . . . . . . . . . . . . . . . . Recycled Matter . | . . . . . . . . . . . . . . . . . . . . . . . . . . . . Retrieved Matter . | . . . . . . . . . . . . . . . . . . . . . . . . . . . . Retrieved Components . | . . . . . . . . . . . . . . . . . . . . . . . . . . . . Parts Scanalyzed 7 | . . . . . . . 2 . . . . . . . . . . . . 3 2 . . . . . . Part Schematics Acquired 7 | . . . . . . . 2 . . . . . . . . . . . . 3 2 . . . . . . Parts Damaged 1 | . . . . . . . . . . . . . . . . . . . . 1 . . . . . . . Bothacking | -11 -10 -10 -8 -8 -6 -6 -6 -6 -6 -6 -5 -5 -5 -5 -5 -5 -4 -4 -4 -3 -3 -2 -2 -2 -1 -1 -1 ------------ Run | Yrd Mat Sub Rec Scr Fac Was Fac Low Low Zio Pro Fac Ext Cet Arc Hub Fac Arm Lab Res Tes Res Qua Frg Acc Com Ac0 Used RIF Installer . | . . . . . . . . . . . . . . . . . . . . . . . . . . . . Robots Hacked 8 | . . . . . . . . . . . . 2 3 . 1 . 1 . . . 1 . . . . . . Non-combat 7 | . . . . . . . . . . . . 2 3 . 1 . 1 . . . . . . . . . . Combat . | . . . . . . . . . . . . . . . . . . . . . . . . . . . . Robot Hacks Applied 7 | . . . . . . . . . . . . 2 3 . 1 . 1 . . . . . . . . . . parse_system 4 | . . . . . . . . . . . . 1 3 . . . . . . . . . . . . . . find_chute 1 | . . . . . . . . . . . . . . . . . 1 . . . . . . . . . . find_recycling 1 | . . . . . . . . . . . . 1 . . . . . . . . . . . . . . . check_alert 1 | . . . . . . . . . . . . . . . 1 . . . . . . . . . . . . Manual 1 | . . . . . . . . . . . . . . . . . . . . . 1 . . . . . . Relay Couplers Released 5 | . . . . . . . . . . . . . . . . 3 . . . 2 . . . . . . . Machine Destruction 5 | . . . . . . . . . . . . . . . . 3 . . . 2 . . . . . . . Fabnet Peak Effective % . | . . . . . . . . . . . . . . . . . . . . . . . . . . . . Robots Rewired 24 | . . . . . . . . . . . . . 11 . . . 2 11 . . . . . . . . . Allies Hacked 1 | . . . . . . . . . . . . . . . . . . 1 . . . . . . . . . Hacks Repelled . | . . . . . . . . . . . . . . . . . . . . . . . . . . . . Allies | -11 -10 -10 -8 -8 -6 -6 -6 -6 -6 -6 -5 -5 -5 -5 -5 -5 -4 -4 -4 -3 -3 -2 -2 -2 -1 -1 -1 -------- Run | Yrd Mat Sub Rec Scr Fac Was Fac Low Low Zio Pro Fac Ext Cet Arc Hub Fac Arm Lab Res Tes Res Qua Frg Acc Com Ac0 Total Allies 66 | . . . . . . 20 6 . . . . . 17 5 . . 3 11 . 1 2 . 1 . . . . Largest Group 20 | . . . . . . 20 20 . . . . . 10 10 5 5 3 6 . 1 1 . 1 . . . . Highest-Rated Group 696 | . . . . . . 696 696 . . . . . 408 480 480 480 121 312 . 10 26 . 26 . . . . Highest-Rated Ally 159 | . . . . . . 50 50 . . . . . 159 159 96 96 48 64 . 10 26 . 26 . . . . Initial UFD Resources 101 | . . . . . 24 34 34 42 42 42 46 46 62 62 62 62 64 86 86 89 89 91 101 101 . . . Total Orders 46 | . . . . . . . . . . . . . 2 10 9 2 2 10 . 1 3 . 1 . . . 6 STAY 24 | . . . . . . . . . . . . . 1 4 8 1 2 3 . 1 3 . 1 . . . . ROAM 7 | . . . . . . . . . . . . . . 5 . . . 2 . . . . . . . . . FOLLOW 5 | . . . . . . . . . . . . . 1 1 1 1 . 1 . . . . . . . . . GUARD 4 | . . . . . . . . . . . . . . . . . . 4 . . . . . . . . . EXPLORE 3 | . . . . . . . . . . . . . . . . . . . . . . . . . . . 3 RETURN 3 | . . . . . . . . . . . . . . . . . . . . . . . . . . . 3 Ally Attacks 469 | . . . . . . . 181 . . . . . 94 34 14 35 14 97 . . . . . . . . . Total Damage 13286 | . . . . . . . 3849 . . . . . 2653 651 773 1741 376 3243 . . . . . . . . . Kills 81 | . . . . . . . 34 . . . . . 16 2 4 9 2 14 . . . . . . . . . Allies Corrupted 10 | . . . . . . . 5 . . . . . . . . 4 . 1 . . . . . . . . . Allies Melted 2 | . . . . . . . 1 . . . . . 1 . . . . . . . . . . . . . . Intel | -11 -10 -10 -8 -8 -6 -6 -6 -6 -6 -6 -5 -5 -5 -5 -5 -5 -4 -4 -4 -3 -3 -2 -2 -2 -1 -1 -1 ------- Run | Yrd Mat Sub Rec Scr Fac Was Fac Low Low Zio Pro Fac Ext Cet Arc Hub Fac Arm Lab Res Tes Res Qua Frg Acc Com Ac0 Active Infowar (turns) 19240 | . . . . 635 311 129 1202 350 456 780 613 680 742 390 363 294 566 295 365 1153 809 310 270 5627 232 2040 628 Optics 16695 | . . . . 635 311 129 1202 350 456 780 613 680 742 390 363 294 566 295 365 1153 809 310 270 5627 232 123 . Sensors 10105 | . . . . . . . 1142 346 456 771 573 672 742 286 363 294 566 295 363 1101 656 310 270 899 . . . A.S.S. 7441 | . . . . . . . . . . . . . . . . . . . . . . . . 4644 232 1937 628 Cloaking 4707 | . . . . . . . . . . . . . . . . . . . . . . . . 2544 232 1905 26 Jamming 2326 | . . . . . . . . . . . . . . . . . . . . . 1 . 1 1971 232 121 . ECM 258 | . . . . . 74 121 63 . . . . . . . . . . . . . . . . . . . . Robot Analysis Total 7 | . . . . . . . . . . . . . . . . . . . . . 2 . 5 . . . . Derelict Logs Recovered 10 | . . . . 5 . . . . 2 . 3 . . . . . . . . . . . . . . . . Drone Launches 3 | . . . . . . . . . . . . . . . . . . . . . . . . . . . 3 Drone Recoveries 3 | . . . . . . . . . . . . . . . . . . . . . . . . . . . 3 Exploration | -11 -10 -10 -8 -8 -6 -6 -6 -6 -6 -6 -5 -5 -5 -5 -5 -5 -4 -4 -4 -3 -3 -2 -2 -2 -1 -1 -1 ------------- Run | Yrd Mat Sub Rec Scr Fac Was Fac Low Low Zio Pro Fac Ext Cet Arc Hub Fac Arm Lab Res Tes Res Qua Frg Acc Com Ac0 Turns Passed 23348 | 58 1451 1135 116 1932 311 129 1202 350 456 780 613 680 742 390 363 294 566 295 365 1153 809 310 270 5627 232 2091 628 Spaces Moved 38096 | 44 732 592 69 2732 772 185 2894 328 467 1008 670 1467 1060 561 188 479 884 588 277 3072 1666 800 961 11308 572 2827 893 Core 52 | 25 27 . . . . . . . . . . . . . . . . . . . . . . . . . . Treads 1948 | 19 705 592 69 382 . . . . . . . . . . . . . . . . . . . 181 . . . Legs . | . . . . . . . . . . . . . . . . . . . . . . . . . . . . Wheels 380 | . . . . 380 . . . . . . . . . . . . . . . . . . . . . . . Hover 7500 | . . . . . . . . . . . . . . . . . . . . . . . . 3208 572 2827 893 Flight 28216 | . . . . 1970 772 185 2894 328 467 1008 670 1467 1060 561 188 479 884 588 277 3072 1666 800 961 7919 . . . Fastest Speed 5 | 50 50 160 160 37 25 25 17 17 14 24 14 5 5 14 24 11 11 12 15 15 6 15 20 6 33 29 35 Average Speed 35 | 97 156 160 160 69 25 25 24 87 87 76 23 21 19 27 24 23 25 26 24 23 20 19 20 23 33 38 40 Slowest Speed 277 | 160 240 160 160 277 109 25 27 92 92 92 24 24 24 94 24 24 94 98 95 96 21 91 20 180 33 99 42 Overloaded Moves 448 | . . . . . . . 15 14 28 . 17 9 14 44 . 2 15 4 34 3 7 22 . 135 . 19 66 Propulsion Burnouts . | . . . . . . . . . . . . . . . . . . . . . . . . . . . . Robots Hopped 51 | . . . . . . . 16 . . . . 5 1 . . 1 4 2 . 7 12 1 . 2 . . . Potential Cave-ins 2 | . . . . . . . . . . . . . . . . . . . . . . . . . . 2 . Cave-ins Triggered . | . . . . . . . . . . . . . . . . . . . . . . . . . . . . Teleports 4 | . . . . . . . . . . . . . . . . . . . . . . . 1 1 . 1 1 Exploration Rate (%) 55 | 3 88 32 11 91 29 89 49 55 64 85 62 35 87 65 80 32 22 45 95 65 88 21 67 78 18 60 42 Regions Visited 27 Branch Regions 18 Pre-discovered Areas 6 | . . . . 2 . . 1 . 1 1 1 . . . . . . . . . . . . . . . . Known Exits Taken 20 | . . . . . . . 1 1 1 1 1 1 1 1 1 1 1 1 1 1 1 1 1 1 1 1 . Unknown Exits Taken 5 | 1 1 1 1 1 . . . . . . . . . . . . . . . . . . . . . . . Scrap Searched 18 | . . . . 11 . . . 2 2 . 3 . . . . . . . . . . . . . . . . Spaces Dug 186 | . . . . . 12 . 35 2 4 . 1 18 2 . . 7 8 19 . 25 19 10 1 7 5 9 2 Terrain Destroyed 427 | . 42 36 . . 29 . 51 39 40 . 28 18 3 4 . 7 8 19 . 25 19 10 2 9 5 18 15 Melee 178 | . . . . . 10 . 35 2 4 . 1 18 2 . . 7 8 19 . 25 19 10 1 5 5 6 1 Projectile 30 | . . 1 . . 7 . . . . . . . 1 4 . . . . . . . . 1 4 . 12 . AOE 205 | . 42 35 . . 12 . 16 37 36 . 27 . . . . . . . . . . . . . . . . Terrain Rammed . | . . . . . . . . . . . . . . . . . . . . . . . . . . . . Walls Destroyed . | . . . . . . . . . . . . . . . . . . . . . . . . . . . . Machines Disabled . | . . . . . . . . . . . . . . . . . . . . . . . . . . . . Actions | -11 -10 -10 -8 -8 -6 -6 -6 -6 -6 -6 -5 -5 -5 -5 -5 -5 -4 -4 -4 -3 -3 -2 -2 -2 -1 -1 -1 --------- Run | Yrd Mat Sub Rec Scr Fac Was Fac Low Low Zio Pro Fac Ext Cet Arc Hub Fac Arm Lab Res Tes Res Qua Frg Acc Com Ac0 Total 46369 | 54 920 718 73 2771 849 266 3252 365 497 1014 1108 1734 1558 730 501 632 1190 667 547 3398 2054 908 1013 14177 601 3732 1040 Wait 5738 | . 60 55 2 . 9 74 261 18 17 . 420 178 410 88 306 139 266 30 232 180 251 76 8 1953 20 684 1 Move 37974 | 43 731 591 68 2731 772 184 2864 327 466 1007 669 1458 1057 560 187 476 875 583 276 3057 1642 797 960 11304 571 2826 892 Hop 44 | . . . . . . . 13 . . . . 3 1 . . 1 4 2 . 7 11 1 . 1 . . . Pick Up 278 | 4 13 6 . 17 3 . 5 . . 1 1 . 2 2 1 1 3 1 7 10 10 1 6 155 . 25 4 Fast Attach 194 | 5 11 3 . 10 10 4 5 2 2 2 1 7 2 1 2 . 3 2 4 15 11 4 5 70 . 10 3 Attach 130 | . 3 2 . 2 5 . 2 . . . . 2 2 1 . . 3 . 2 5 2 . 2 69 2 13 13 Detach 101 | 1 1 1 . 2 2 1 1 1 . . . 2 4 . 1 . 3 . 1 3 2 . . 62 . 10 3 Swap 261 | . 12 13 1 2 8 . 14 2 2 . 6 5 4 13 . 2 6 9 3 13 25 1 8 54 2 29 27 Drop 360 | . 11 5 1 7 14 3 12 2 2 3 2 8 1 4 1 1 5 2 8 17 19 3 6 192 . 30 1 Fire 429 | 1 71 42 1 . 14 . 4 2 2 . 2 . 5 61 . . 3 . . 21 9 . 9 81 . 65 36 Melee 599 | . . . . . 12 . 59 11 6 1 5 46 35 . 3 12 17 38 14 55 72 25 9 77 6 36 60 Ram . | . . . . . . . . . . . . . . . . . . . . . . . . . . . . Kick . | . . . . . . . . . . . . . . . . . . . . . . . . . . . . Crush 7 | . 7 . . . . . . . . . . . . . . . . . . . . . . . . . . Escape Stasis 183 | . . . . . . . 11 . . . . 23 15 . . . . . . 15 . . . 119 . . . Rewire 4 | . . . . . . . . . . . . . . . . . . . . . . . . . . 4 . Trap 22 | . . . . . . . . . . . 2 . 19 . . . 1 . . . . . . . . . . Miscellaneous 45 | . . . . . . . 1 . . . . 2 1 . . . 1 . . . . . . 40 . . . Route ------- -11/Scrapyard -10/Materials (discovered 4 exits: [*Mat x2] / [*Min] / [*Sub]) -10/Subcaves (discovered 2 exits: [*Mat] / [*Rec]) -8/Recycling -8/Scraptown (discovered 2 exits: *Fac x2) -6/Factory (discovered 3 exits: *Fac x2 / *Low) -6/Waste -6/Factory (discovered 4 exits: *Fac x2 / *Low x2) -6/Lower Caves -6/Lower Caves -6/Zion -5/Proximity Caves -5/Factory (discovered 4 exits: *Fac x2 / [*Upp] / *Ext) -5/Extension (discovered 2 exits: *Fac / *Cet) -5/Cetus (discovered 3 exits: *Fac x2 / *Arc) -5/Archives (discovered 3 exits: *Fac / *Hub x2) -5/Hub_04(d) -4/Factory (discovered 3 exits: *Upp x2 / *Arm) -4/Armory -4/Lab -3/Research (discovered 4 exits: *Res x2 / *Tes x2) -3/Testing -2/Research (discovered 3 exits: *Acc / *Qua x2) -2/Quarantine (discovered 3 exits: *Acc / [*Sec] / *Frg) -2/Protoforge -1/Access -1/Command (discovered 3 exits: Sur x2 / *Ac0) -1/Access_0 Near Former Tau Ceti IV History --------- Turn | Location | Event 15 | -11/Scrapyard | Discovered new exit (range 15) 59 | -11/Scrapyard | Entered Materials 307 | -10/Materials | Build established: Mutant 477 | -10/Materials | Discovered new exit (range 5) 659 | -10/Materials | Derelicts attacked the area 752 | -10/Materials | Discovered new exit (range 16) 866 | -10/Materials | Discovered new exit (range 16) 1225 | -10/Materials | Build established: Scavenger-Mutant 1418 | -10/Materials | Repaired Assault Rifle 1499 | -10/Materials | Discovered new exit (range 7) 1510 | -10/Materials | Entered Subcaves 1511 | -10/Subcaves | Approached by a straggling Scientist 1577 | -10/Subcaves | A Subdweller sparked back to life 1577 | -10/Subcaves | A Subdweller sparked back to life 1577 | -10/Subcaves | A Subdweller sparked back to life 1898 | -10/Subcaves | Lost 3 parts (1p1n1u) 2026 | -10/Subcaves | Discovered new exit (range 12) 2135 | -10/Subcaves | Shifting Twisted Machinery released Shrapnel Trap 2159 | -10/Subcaves | Shifting Twisted Machinery released Scrap Shield 2420 | -10/Subcaves | Shifting Twisted Machinery released Battle Cannon 2420 | -10/Subcaves | Shifting Twisted Machinery released Battle Rifle 2477 | -10/Subcaves | Curiously followed by a Cobbler waking with a query about "LVR3C" 2560 | -10/Subcaves | Discovered new exit (range 12) 2645 | -10/Subcaves | Entered Recycling 2722 | -8/Recycling | Scanned before Scraplab entrance 2746 | -8/Recycling | Entered Scraplab 2759 | -8/Recycling | Discovered new exit (range 2) 2761 | -8/Recycling | Entered Scraptown 2888 | -8/Scraptown | Heard Great Nut preacher, LISTEN AND RECITE! 3110 | -8/Scraptown | Discovered new exit (range 11) 3184 | -8/Scraptown | Scanned Subdweller tech in exchange for log data 3187 | -8/Scraptown | Learned location of Zion (-6) 3189 | -8/Scraptown | Learned location of Armory (-4) 3190 | -8/Scraptown | Learned Factory interactive machine intel 3195 | -8/Scraptown | Learned Factory security intel 3197 | -8/Scraptown | Learned 12 Factory zone layouts 3240 | -8/Scraptown | Visited Bundlers 3333 | -8/Scraptown | Visited SPCMW 3364 | -8/Scraptown | Visited UFD Registry 3364 | -8/Scraptown | Registered with UFD as "Boltdrive" 3373 | -8/Scraptown | Released all parts (7) 3411 | -8/Scraptown | Delivered Scrap Shield to a Scientist 3622 | -8/Scraptown | Visited Awakened 3629 | -8/Scraptown | Visited Fellowship of the Rings 3637 | -8/Scraptown | Visited TADAMA 3644 | -8/Scraptown | Visited Symbiants 3681 | -8/Scraptown | Visited Assassins FH 3691 | -8/Scraptown | Build established: Mutant 3706 | -8/Scraptown | Visited Curators Association 3719 | -8/Scraptown | Visited Research Penetration Think Tank 3728 | -8/Scraptown | Visited Chapter 10 3733 | -8/Scraptown | Visited Science Guys 3739 | -8/Scraptown | Visited DA-N13 Charitable Foundation 3741 | -8/Scraptown | Found DCF Scrap (29 items) 3749 | -8/Scraptown | Visited Abandonware Association 3754 | -8/Scraptown | Learned abandonware demo "REVENGE.EXE" 3754 | -8/Scraptown | Learned abandonware demo "KABOOM.EXE" 3761 | -8/Scraptown | Visited Scrap Suit Storage 3776 | -8/Scraptown | Visited Modified Component R&D 3789 | -8/Scraptown | Visited Junk Repository 4078 | -8/Scraptown | Visited Infowarlord's Domain 4324 | -8/Scraptown | Found Exp. Signal Interpreter 4559 | -8/Scraptown | Build established: Derelict-Mutant 4634 | -8/Scraptown | Met Optimus 4634 | -8/Scraptown | Accepted into 0bPrime 4691 | -8/Scraptown | Discovered new exit (range 3) 4693 | -8/Scraptown | Entered Factory 4693 | -6/Factory | Evolved 8 slots: Propulsion x3, Utility x5 4696 | -6/Factory | Loaded intel: 54 interactive machine locations 4757 | -6/Factory | Loaded intel: 8 recycling unit locations 4862 | -6/Factory | Discovered new exit (range 20) 4868 | -6/Factory | Discovered new exit (range 19) 5003 | -6/Factory | Discovered new exit (range 4) 5004 | -6/Factory | Sucked down chute 5004 | -6/Factory | Entered Waste 5005 | -6/Waste | Joined by Warlord forces that had cleared the area 5063 | -6/Waste | Discovered new exit (range 13) 5133 | -6/Waste | Entered Factory 5133 | -6/Factory | Accompanied by 20 allies 5162 | -6/Factory | Discovered new exit (range 18) 5212 | -6/Factory | Garrison activated, responded to threat 5266 | -6/Factory | Identified exit to Lower Caves 5327 | -6/Factory | Discovered new exit (range 15) 5483 | -6/Factory | First assault squad dispatched 5487 | -6/Factory | Build established: Hacker-Scout 5503 | -6/Factory | Spotted B-75 Beast 5526 | -6/Factory | Lost 3 allies 5530 | -6/Factory | Fabricated Lrn. Sensor Array? 5567 | -6/Factory | Loaded intel: 8 recycling unit locations 5567 | -6/Factory | Learned location of Protoforge (-2) 5629 | -6/Factory | Discovered new exit (range 16) 5913 | -6/Factory | Fabricated Cld. VTOL Module? 6083 | -6/Factory | Fabricated Cld. VTOL Module? 6335 | -6/Factory | Entered Lower Caves 6337 | -6/Lower Caves | UFD Scientist delivered a prototype 6338 | -6/Lower Caves | Found Prototype Protection 6338 | -6/Lower Caves | Identified Enh. Scrap Shield 6680 | -6/Lower Caves | Discovered new exit (range 5) 6683 | -6/Lower Caves | Identified exit to Lower Caves 6685 | -6/Lower Caves | Entered another Lower Caves area 6694 | -6/Lower Caves | Build established: Hacker-Assassin 6786 | -6/Lower Caves | Learned location of Extension (-5) 6911 | -6/Lower Caves | Learned Factory terminal intel 7061 | -6/Lower Caves | Discovered new exit (range 8) 7067 | -6/Lower Caves | Identified exit to Zion 7141 | -6/Lower Caves | Entered Zion 7260 | -6/Zion | Given the Hacking Drone Bay 7524 | -6/Zion | Learned Factory emergency access door positions 7717 | -6/Zion | Found CR-A16's Pointy Stick 7777 | -6/Zion | Turned away by Imprinter 7884 | -6/Zion | Found GAL Module 7916 | -6/Zion | Discovered new exit (range 22) 7920 | -6/Zion | Identified exit to Proximity Caves 7921 | -6/Zion | Entered Proximity Caves 7993 | -5/Proximity Caves | Learned 4 Factory zone layouts 8021 | -5/Proximity Caves | Spotted B-75 Beast 8166 | -5/Proximity Caves | Build established: Hacker-Scout 8194 | -5/Proximity Caves | Received a Behemoth hack from an annoying Tinkerer 8458 | -5/Proximity Caves | Destroyed B-75 Beast 8520 | -5/Proximity Caves | Learned Factory garrison access intel 8534 | -5/Proximity Caves | Discovered new exit (range 3) 8534 | -5/Proximity Caves | Identified exit to Factory 8534 | -5/Proximity Caves | Entered Factory 8534 | -5/Factory | Evolved 2 slots: Power x1, Propulsion x1 8535 | -5/Factory | Identified exit to Factory 8537 | -5/Factory | Loaded intel: 28 terminal locations 8538 | -5/Factory | Loaded intel: 4 garrison access locations 8695 | -5/Factory | Fabricated Cld. Nuclear Pulse Thruster (x1) 8892 | -5/Factory | Discovered exit to Factory (range 3) 9025 | -5/Factory | Fabricated Cld. Nuclear Pulse Thruster (x1) 9124 | -5/Factory | Discovered new exit (range 5) 9131 | -5/Factory | Discovered new exit (range 20) 9134 | -5/Factory | Loaded intel: 8 recycling unit locations 9213 | -5/Factory | Identified exit to Extension 9214 | -5/Factory | Entered Extension 9234 | -5/Extension | Rescued A7 9236 | -5/Extension | Rescued a captive Derelict 9328 | -5/Extension | Build established: Machinist-Scout 9355 | -5/Extension | Rescued a captive Derelict 9357 | -5/Extension | Rescued a captive Derelict 9574 | -5/Extension | Warlord forces began an assault 9600 | -5/Extension | Spotted B-75 Beast 9601 | -5/Extension | Spotted B-75 Beast 9693 | -5/Extension | Destroyed B-75 Beast 9703 | -5/Extension | Rescued a captive Derelict 9715 | -5/Extension | Lost 5 allies 9872 | -5/Extension | Discovered exit to Factory (range 10) 9872 | -5/Extension | Discovered new exit (range 6) 9956 | -5/Extension | Identified exit to Cetus 9956 | -5/Extension | Entered Cetus 9956 | -5/Cetus | Accompanied by 10 allies (A7) 9961 | -5/Cetus | Acquired a Cetus Manufacturing Module code from A7 9972 | -5/Cetus | Spotted Cetus Guard 9972 | -5/Cetus | Spotted Cetus Guard 9975 | -5/Cetus | Spotted Cetus Guard 9976 | -5/Cetus | Spotted Cetus Guard 10007 | -5/Cetus | Allies destroyed Cetus Guard 10010 | -5/Cetus | Extracted ID and sensor layout for unrecognized location from A7's data core 10026 | -5/Cetus | Discovered exit to Factory (range 22) 10039 | -5/Cetus | Destroyed Cetus Guard 10050 | -5/Cetus | Lost 9 allies 10052 | -5/Cetus | Destroyed Cetus Guard 10129 | -5/Cetus | Destroyed Cetus Guard 10162 | -5/Cetus | Started Cetus Manufacturing Module 10173 | -5/Cetus | Discovered new exit (range 22) 10181 | -5/Cetus | Spotted Cetus Guard 10181 | -5/Cetus | Spotted Cetus Guard 10181 | -5/Cetus | Spotted Cetus Guard 10181 | -5/Cetus | Spotted Cetus Guard 10184 | -5/Cetus | Destroyed Cetus Guard 10187 | -5/Cetus | Manufactured an Enhanced Grunt 10212 | -5/Cetus | Manufactured an Enhanced Grunt 10215 | -5/Cetus | Destroyed Cetus Guard 10221 | -5/Cetus | Destroyed Cetus Guard 10237 | -5/Cetus | Manufactured an Enhanced Grunt 10262 | -5/Cetus | Manufactured an Enhanced Grunt 10267 | -5/Cetus | Destroyed Cetus Guard 10287 | -5/Cetus | Manufactured an Enhanced Grunt 10305 | -5/Cetus | Discovered exit to Factory (range 21) 10309 | -5/Cetus | Met Revision 17 10317 | -5/Cetus | Identified exit to Archives 10346 | -5/Cetus | Entered Archives 10346 | -5/Archives | Accompanied by 5 allies 10469 | -5/Archives | Discovered new exit (range 22) 10470 | -5/Archives | Discovered new exit (range 19) 10470 | -5/Archives | Discovered exit to Factory (range 22) 10539 | -5/Archives | Identified exit to Hub_04(d) 10563 | -5/Archives | Build established: Commander-Scout 10709 | -5/Archives | Entered Hub_04(d) 10709 | -5/Hub_04(d) | Accompanied by 5 allies 10824 | -5/Hub_04(d) | Discovered exit to Factory (range 21) 10887 | -5/Hub_04(d) | Network Hub disabled 10902 | -5/Hub_04(d) | Network Hub disabled 10928 | -5/Hub_04(d) | Lost 4 allies 11003 | -5/Hub_04(d) | Entered Factory 11003 | -4/Factory | Evolved 2 slots: Utility x2 11066 | -4/Factory | Loaded intel: 8 recycling unit locations 11088 | -4/Factory | Discovered new exit (range 7) 11103 | -4/Factory | Identified exit to Upper Caves 11107 | -4/Factory | Discovered exit to Upper Caves (range 22) 11168 | -4/Factory | Fabricated Cld. Nuclear Pulse Thruster? 11193 | -4/Factory | Fabricated Cld. Nuclear Pulse Thruster? 11362 | -4/Factory | Build established: Hacker-Scout 11568 | -4/Factory | Discovered new exit (range 8) 11569 | -4/Factory | Identified exit to Armory 11569 | -4/Factory | Entered Armory 11655 | -4/Armory | Spotted B-86 Titan 11861 | -4/Armory | Discovered new exit (range 3) 11864 | -4/Armory | Identified exit to Lab 11864 | -4/Armory | Entered Lab 11864 | -4/Lab | Discovered new exit (range 9) 11866 | -4/Lab | Identified exit to Research 11867 | -4/Lab | Hidden lab's door opened automatically 11867 | -4/Lab | Sensor layout match revealed 11868 | -4/Lab | Gained access to the hidden lab's interior 12007 | -4/Lab | Found Prototype Hackware 12015 | -4/Lab | Found Alien Artifact 12023 | -4/Lab | Found Alien Artifact 12023 | -4/Lab | Identified Integrated Mediator 12023 | -4/Lab | Installed Integrated Mediator, increased core attachment efficiency 12033 | -4/Lab | Found Alien Artifact 12179 | -4/Lab | Found Prototype Energy Gun 12182 | -4/Lab | Identified Tachyon Dispersion Ray 12186 | -4/Lab | Found Prototype Energy Cannon 12186 | -4/Lab | Identified Warp Cannon 12198 | -4/Lab | Found Prototype Protection 12202 | -4/Lab | Identified Exp. Powered Armor 12229 | -4/Lab | Entered Research 12229 | -3/Research | Evolved 2 slots: Propulsion x1, Weapon x1 12273 | -3/Research | Spotted B-86 Titan 12324 | -3/Research | Discovered new exit (range 18) 12328 | -3/Research | Identified exit to Research 12348 | -3/Research | Identified Deep Network Scanner 12429 | -3/Research | Revision forces began assault on 0b10 12472 | -3/Research | Identified exit to Testing 12477 | -3/Research | Met up with Revision 17++ 12604 | -3/Research | Revealed the true nature of CR-A16's Pointy Stick 12607 | -3/Research | Destroyed B-86 Titan 12654 | -3/Research | Identified Core Expander 12654 | -3/Research | Identified Transdimensional Reconstructor 12654 | -3/Research | Watched by a mysterious "MATRIX" hacker 12654 | -3/Research | Installed Core Expander, added new Power slot 12822 | -3/Research | Fabricated Cld. Nuclear Pulse Thruster? 12907 | -3/Research | Fabricated Cld. Nuclear Pulse Thruster? 12913 | -3/Research | Repaired Cld. Nuclear Pulse Thruster? 12929 | -3/Research | Research terminal network offline 13070 | -3/Research | Spotted B-86 Titan 13074 | -3/Research | Spotted B-86 Titan 13077 | -3/Research | Destroyed B-86 Titan 13092 | -3/Research | Destroyed B-86 Titan 13153 | -3/Research | Discovered exit to Research (range 20) 13284 | -3/Research | Spotted Executioner 13348 | -3/Research | Repaired Broken Cld. Impulse Thruster? 13382 | -3/Research | Entered Testing 13729 | -3/Testing | Found Prototype Device 13729 | -3/Testing | Identified AEGIS Remote Shield 13742 | -3/Testing | Fabricated Cld. Antigrav System? 13913 | -3/Testing | Found Prototype Device 13913 | -3/Testing | Identified Exp. Thermal Shield 13916 | -3/Testing | Found Prototype Device 13916 | -3/Testing | Identified Exp. Transmission Jammer 13970 | -3/Testing | Discovered exit to Research (range 22) 13983 | -3/Testing | Found Spectral Analyzer 14176 | -3/Testing | Found Prototype Energy Cannon 14176 | -3/Testing | Identified Null Cannon 14191 | -3/Testing | Entered Research 14191 | -2/Research | Evolved 2 slots: Utility x1, Weapon x1 14226 | -2/Research | Discovered new exit (range 24) 14362 | -2/Research | Loaded intel: 5 recycling unit locations 14383 | -2/Research | Identified exit to Quarantine 14501 | -2/Research | Entered Quarantine 14512 | -2/Quarantine | Cryocooling Duct disabled 14527 | -2/Quarantine | Ambient heat levels rising (+20) 14527 | -2/Quarantine | Non-combat units ordered to evacuate 14534 | -2/Quarantine | Found Alien Artifact 14534 | -2/Quarantine | Identified Dimensional Node Initializer 14534 | -2/Quarantine | Initialized slip node 14536 | -2/Quarantine | Found Alien Artifact 14536 | -2/Quarantine | Identified Hpw. Transdimensional Reconstructor 14536 | -2/Quarantine | Warped through subspace to slip node 14542 | -2/Quarantine | Found Hpw. Transdimensional Reconstructor 14653 | -2/Quarantine | Found Alien Artifact 14654 | -2/Quarantine | Identified Subatomic Replicator 14654 | -2/Quarantine | Used Subatomic Replicator to create Alien Artifact 14680 | -2/Quarantine | Found Dimensional Node Initializer 14683 | -2/Quarantine | Found Hpw. Transdimensional Reconstructor 14693 | -2/Quarantine | Identified Supercharged TR 14712 | -2/Quarantine | Discovered new exit (range 18) 14754 | -2/Quarantine | Spotted Fortress 14769 | -2/Quarantine | Discovered new exit (range 6) 14769 | -2/Quarantine | Discovered new exit (range 6) 14769 | -2/Quarantine | Identified exit to Protoforge 14771 | -2/Quarantine | Entered Protoforge 14800 | -2/Protoforge | Spotted Hotshot 14914 | -2/Protoforge | Spotted Hotshot 14915 | -2/Protoforge | Spotted B-90 Cyclops 14920 | -2/Protoforge | Destroyed B-90 Cyclops 15006 | -2/Protoforge | Spotted EXE-6 15006 | -2/Protoforge | Spotted EXE-6 15012 | -2/Protoforge | Superfortress began startup sequence 15016 | -2/Protoforge | UFD initiated attack on Protoforge (Readiness: High) 15016 | -2/Protoforge | Loaded intel: 3 recycling unit locations 15040 | -2/Protoforge | Destroyed EXE-6 15042 | -2/Protoforge | Found Prototype Processor 15042 | -2/Protoforge | Identified Exp. Core Analyzer 15045 | -2/Protoforge | Found Prototype Processor 15045 | -2/Protoforge | Identified Exp. Armor Integrity Analyzer 15052 | -2/Protoforge | Optimus greeted in Protoforge 15055 | -2/Protoforge | Initialized slip node 15056 | -2/Protoforge | Spotted SKR-2 15056 | -2/Protoforge | Spotted SKR-2 15075 | -2/Protoforge | Warped through subspace to slip node 15076 | -2/Protoforge | Optimus attacked Superfortress 15076 | -2/Protoforge | Spotted EXE-6 15076 | -2/Protoforge | Spotted EXE-6 15079 | -2/Protoforge | Spotted Striker 15089 | -2/Protoforge | Attached CPS modules to Superfortress 15094 | -2/Protoforge | Spotted Hotshot 15100 | -2/Protoforge | Spotted Decapitator 15114 | -2/Protoforge | Found Prototype Protection 15114 | -2/Protoforge | Identified Centrium Heavy Armor Plating 15117 | -2/Protoforge | Found Prototype Power Core 15117 | -2/Protoforge | Identified Cep. Zero-point Core 15123 | -2/Protoforge | Found Prototype Device 15123 | -2/Protoforge | Identified Cep. Antimissile System 15127 | -2/Protoforge | Found Prototype Ballistic Cannon 15127 | -2/Protoforge | Identified Cep. Miniperforator 15129 | -2/Protoforge | Lost 4 parts (1n3u) 15130 | -2/Protoforge | Found Prototype Storage 15130 | -2/Protoforge | Identified Cep. Chromion Battery 15133 | -2/Protoforge | Found Prototype Storage 15133 | -2/Protoforge | Identified Cep. NT7 Matterbank 15139 | -2/Protoforge | Found Cep. Zero-point Core 15150 | -2/Protoforge | Lost 31 allies 15159 | -2/Protoforge | Forge Plexus network access discovered 15254 | -2/Protoforge | Spotted Immortal 15254 | -2/Protoforge | Spotted Immortal 15262 | -2/Protoforge | Spotted Hotshot 15273 | -2/Protoforge | Spotted Hotshot 15277 | -2/Protoforge | Destroyed Hotshot 15285 | -2/Protoforge | Destroyed Hotshot 15314 | -2/Protoforge | UFD reported confirmed Drillbomb installation 15327 | -2/Protoforge | Spotted Decapitator 15346 | -2/Protoforge | Build established: Scavenger-Scout 15393 | -2/Protoforge | Found Cep. Fieldthrust Drive 15452 | -2/Protoforge | Spotted Immortal 15480 | -2/Protoforge | Spotted V570-x 15480 | -2/Protoforge | Spotted V562-q 15480 | -2/Protoforge | Spotted V694-n 15481 | -2/Protoforge | Found Cep. Rapid Grenade Launcher 15495 | -2/Protoforge | Destroyed Decapitator 15521 | -2/Protoforge | UFD reported confirmed Drillbomb installation 15523 | -2/Protoforge | Spotted Overlord 15580 | -2/Protoforge | Spotted Executioner 15606 | -2/Protoforge | Destroyed Executioner 15607 | -2/Protoforge | Spotted Executioner 15671 | -2/Protoforge | Destroyed Executioner 15702 | -2/Protoforge | Found Exp. Core Analyzer 15704 | -2/Protoforge | Found Prototype Processor 15704 | -2/Protoforge | Identified Exp. Targeting Computer 15706 | -2/Protoforge | Found Exp. Core Analyzer 15719 | -2/Protoforge | Found Crosscalibrator 15745 | -2/Protoforge | Found Exp. Active Sensor Suite 15749 | -2/Protoforge | Found Faulty Exp. Active Sensor Suite 15826 | -2/Protoforge | Found Exp. Targeting Computer 15869 | -2/Protoforge | Found Cep. Gyrokinetic System 15872 | -2/Protoforge | Found Cep. Gyrokinetic System 15874 | -2/Protoforge | UFD reported confirmed Drillbomb installation 15906 | -2/Protoforge | Found Cep. Combat Aerolev Unit 15950 | -2/Protoforge | UFD reported confirmed Drillbomb installation 16036 | -2/Protoforge | Spotted Decapitator 16036 | -2/Protoforge | Spotted Decapitator 16036 | -2/Protoforge | Spotted Decapitator 16036 | -2/Protoforge | Spotted Decapitator 16040 | -2/Protoforge | Destroyed Decapitator 16040 | -2/Protoforge | Destroyed Decapitator 16040 | -2/Protoforge | Destroyed Decapitator 16093 | -2/Protoforge | Destroyed Immortal 16119 | -2/Protoforge | Destroyed Immortal 16127 | -2/Protoforge | Spotted Decapitator 16127 | -2/Protoforge | Spotted Decapitator 16127 | -2/Protoforge | Destroyed Decapitator 16132 | -2/Protoforge | Destroyed Decapitator 16188 | -2/Protoforge | Found Cep. RG22 Armor 16189 | -2/Protoforge | Found Cep. Energy Mantle 16197 | -2/Protoforge | Found Cep. Combat Aerolev Unit 16211 | -2/Protoforge | Found Cep. Reaction Jets 16213 | -2/Protoforge | Found Faulty Cep. Beam Splitter 16215 | -2/Protoforge | Found Faulty Cep. Beam Splitter 16415 | -2/Protoforge | Found Cep. NT7 Matterbank 16418 | -2/Protoforge | Spotted V595-g 16418 | -2/Protoforge | Found Cep. Antigrav Storage Unit 16419 | -2/Protoforge | Spotted V801-y 16419 | -2/Protoforge | Spotted V066-l 16420 | -2/Protoforge | Found Cep. Matter Streamer 16496 | -2/Protoforge | Found Exp. Jetlance 16497 | -2/Protoforge | Found Faulty Exp. Jetlance 16499 | -2/Protoforge | Found Cep. Deflector Sword 16501 | -2/Protoforge | Found Faulty Cep. Plasma Driver 16503 | -2/Protoforge | Found Faulty Cep. Plasma Driver 16785 | -2/Protoforge | Build established: Scout 16854 | -2/Protoforge | Found Faulty Cep. Fieldthrust Drive 16861 | -2/Protoforge | Found Faulty Cep. Fieldthrust Drive 17118 | -2/Protoforge | Found Cep. Heavy Railcannon 17120 | -2/Protoforge | Found Faulty Cep. Helical Railcannon 17121 | -2/Protoforge | Found Cep. Helical Railcannon 17123 | -2/Protoforge | Found Faulty Cep. Plasma Driver 17142 | -2/Protoforge | Found Cep. Weapon Articulator 17144 | -2/Protoforge | Found Cep. Networked Targeting System 17541 | -2/Protoforge | Spotted AP7-3 17553 | -2/Protoforge | Spotted AP7-3 17570 | -2/Protoforge | Destroyed AP7-3 17576 | -2/Protoforge | Destroyed AP7-3 17726 | -2/Protoforge | Found Exp. System Purifier 17728 | -2/Protoforge | Spotted Executioner 17841 | -2/Protoforge | Found Cep. Blasthammer 17847 | -2/Protoforge | Found Cep. Cloak Mesh 17848 | -2/Protoforge | Found Cep. Cloak Mesh 17849 | -2/Protoforge | Found Cep. Core Analysis Suite 17851 | -2/Protoforge | Found Cep. Core Analysis Suite 17855 | -2/Protoforge | Found Cep. Thermoelectric Network 17870 | -2/Protoforge | Destroyed Executioner 17929 | -2/Protoforge | Additional patrols dispatched to research labs 17932 | -2/Protoforge | Found Cep. Nanofilaments [Endoweave] 17940 | -2/Protoforge | Found Cep. Navigation Harness 17944 | -2/Protoforge | Found Transdimensional Reconstructor 18014 | -2/Protoforge | Found Cep. Melee Reflex Suite 18016 | -2/Protoforge | Found Faulty Cep. Melee Reflex Suite 18017 | -2/Protoforge | Found Femtoactuators 18027 | -2/Protoforge | Found Faulty Cep. Projectile Intercept Suite 18038 | -2/Protoforge | Found Exp. Remote Shield 18051 | -2/Protoforge | Found Cep. Countertargeting System 18131 | -2/Protoforge | Build established: Ninja 18179 | -2/Protoforge | Spotted Decapitator 18179 | -2/Protoforge | Spotted V568-k 18352 | -2/Protoforge | Found Cep. Heavy Railcannon 18379 | -2/Protoforge | Found Faulty Cep. Zero-point Core 18401 | -2/Protoforge | Found Faulty Cep. Zero-point Core 18469 | -2/Protoforge | Found Cep. Zero-point Core 18472 | -2/Protoforge | Found Faulty Cep. Zero-point Core 18599 | -2/Protoforge | Found Exp. Jetlance 18632 | -2/Protoforge | Found Cep. Network Penetrator 18635 | -2/Protoforge | Found Cep. Network Penetrator 18832 | -2/Protoforge | Spotted Striker 18870 | -2/Protoforge | Fabricated Cld. Antigrav System (x1) 18872 | -2/Protoforge | Fabricated Cld. Antigrav System (x1) 18875 | -2/Protoforge | Fabricated Exp. Coolant Injector (x1) 18943 | -2/Protoforge | Fabricated Cmb. Linear Gravjet (x2) 19021 | -2/Protoforge | Spotted Executioner 19100 | -2/Protoforge | Build established: Hacker-Ninja 19169 | -2/Protoforge | Installed UFD Drillbomb at designated target 19169 | -2/Protoforge | UFD reported confirmed Drillbomb installation 19185 | -2/Protoforge | Spotted Executioner 19189 | -2/Protoforge | Spotted Executioner 19223 | -2/Protoforge | Spotted Executioner 19223 | -2/Protoforge | Spotted Executioner 19228 | -2/Protoforge | Spotted Executioner 19244 | -2/Protoforge | Installed UFD Drillbomb at designated target 19244 | -2/Protoforge | UFD reported confirmed Drillbomb installation 19339 | -2/Protoforge | Found Faulty Cep. XC Strikerail 19341 | -2/Protoforge | Found Faulty Cep. Variable Chargecaster 19346 | -2/Protoforge | Found Exp. Terror Saw 19347 | -2/Protoforge | Found Cep. XC Strikerail 19424 | -2/Protoforge | Found Exp. System Purifier 19444 | -2/Protoforge | Spotted Executioner 19449 | -2/Protoforge | UFD reported confirmed Drillbomb installation 19546 | -2/Protoforge | Spotted Executioner 19546 | -2/Protoforge | Spotted Executioner 19547 | -2/Protoforge | Found UFD Drillbomb 19595 | -2/Protoforge | Spotted Striker 19595 | -2/Protoforge | Spotted Striker 19726 | -2/Protoforge | Installed UFD Drillbomb at designated target 19726 | -2/Protoforge | UFD reported confirmed Drillbomb installation 19772 | -2/Protoforge | Spotted Striker 19773 | -2/Protoforge | Spotted Executioner 19802 | -2/Protoforge | Spotted Executioner 19804 | -2/Protoforge | Spotted Striker 19844 | -2/Protoforge | Found UFD Drillbomb 19873 | -2/Protoforge | Installed UFD Drillbomb at designated target 19873 | -2/Protoforge | UFD reported confirmed Drillbomb installation 19891 | -2/Protoforge | Found UFD Drillbomb 20007 | -2/Protoforge | Discovered new exit (range 8) 20112 | -2/Protoforge | Spotted Executioner 20273 | -2/Protoforge | Spotted Striker 20273 | -2/Protoforge | Spotted Striker 20396 | -2/Protoforge | Installed UFD Drillbomb at designated target 20396 | -2/Protoforge | UFD reported confirmed Drillbomb installation 20397 | -2/Protoforge | UFD began Drillbomb countdown 20397 | -2/Protoforge | Identified exit to Access 20398 | -2/Protoforge | Entered Access 20398 | -1/Access | Evolved 2 slots: Utility x2 20499 | -1/Access | Spotted B-99 Colossus 20515 | -1/Access | Identified exit to Command 20573 | -1/Access | Spotted Striker 20582 | -1/Access | Unchained authorized (1B-0RG) 20630 | -1/Access | Entered Command 20667 | -1/Command | Spotted M Guard 20667 | -1/Command | Spotted M Guard 20667 | -1/Command | Spotted Combat Programmer 20667 | -1/Command | Spotted Combat Programmer 20758 | -1/Command | Met MAIN.C 20763 | -1/Command | 0b10 Conduit disabled 20774 | -1/Command | Destroyed MAIN.C Shell 20776 | -1/Command | MAIN.C activated Command garrisons 20796 | -1/Command | Destroyed MAIN.C 20799 | -1/Command | Discovered new exit (range 34) 20799 | -1/Command | Discovered new exit (range 107) 20799 | -1/Command | Extracted map data and part IDs from MAIN.C's data core 20799 | -1/Command | Found Exp. Powered Armor 20801 | -1/Command | Found Centrium Heavy Armor Plating 21137 | -1/Command | Build established: Gladiator 21299 | -1/Command | Found Exp. System Purifier 21586 | -1/Command | Build established: Ninja 22085 | -1/Command | Found Centrium Heavy Armor Plating 22489 | -1/Command | Found Exp. Phase Shifter 22717 | -1/Command | Warped through subspace to slip node 22717 | -1/Command | Discovered new exit (range 4) 22721 | -1/Command | Identified exit to Access_0 22721 | -1/Command | Entered Access_0 22722 | -1/Access_0 | Met Architect 22766 | -1/Access_0 | Architect warped through subspace 22779 | -1/Access_0 | Destroyed A8 22814 | -1/Access_0 | Architect warped through subspace 22850 | -1/Access_0 | Architect warped through subspace 22874 | -1/Access_0 | A6 warped into view 22887 | -1/Access_0 | Architect warped through subspace 22903 | -1/Access_0 | Build established: Scavenger-Scout 22916 | -1/Access_0 | Destroyed A6 22924 | -1/Access_0 | Architect warped through subspace 22928 | -1/Access_0 | Found Corrupted Femtoactuators 22932 | -1/Access_0 | Found Corrupted Exp. Actuator Array 22969 | -1/Access_0 | Architect warped through subspace 23016 | -1/Access_0 | Architect warped through subspace 23063 | -1/Access_0 | A5 warped into view 23076 | -1/Access_0 | Destroyed A5 23086 | -1/Access_0 | Architect warped through subspace 23102 | -1/Access_0 | Subspace Access Node disabled 23123 | -1/Access_0 | Subspace Access Node disabled 23156 | -1/Access_0 | Architect warped through subspace 23242 | -1/Access_0 | Architect warped through subspace 23255 | -1/Access_0 | Subspace Access Node disabled 23263 | -1/Access_0 | Architect warped through subspace 23295 | -1/Access_0 | Architect warped through subspace 23308 | -1/Access_0 | Subspace Access Node disabled 23315 | -1/Access_0 | Core integrity fell below 50% 23339 | -1/Access_0 | Destroyed Architect 23340 | -1/Access_0 | Architect triggered a singularity event 23340 | -1/Access_0 | Extracted unknown sensor trigger ID from Architect's data core 23341 | -1/Access_0 | Lost 4 parts (2u2w) 23342 | -1/Access_0 | Found Prototype Hackware 23344 | -1/Access_0 | Found Prototype Hackware 23345 | -1/Access_0 | Found Hpw. Transdimensional Reconstructor 23345 | -1/Access_0 | Warped through subspace to slip node 23345 | -1/Access_0 | Discovered new exit (range 8) 23348 | -1/Access_0 | Identified exit to Surface 23349 | *** | Escaped singularity! Last Messages --------------- 23340_ Acquired data core, extracted unknown sensor trigger ID. 23341_ A0_COM: 10. 23341_ Acquired 166 matter. 23342_ A0_COM: 9. 23342_ Acquired Prototype Hackware. 23343_ A0_COM: 8. 23344_ A0_COM: 7. 23344_ Acquired Prototype Hackware. 23345_ A0_COM: 6. 23345_ Acquired Hpw. Transdimensional Reconstructor. 23345_ Warped through subspace, drawn to slip node. 23345_ EXIT=FOUND 23346_ A0_COM: 5. 23347_ A0_COM: 4. 23348_ A0_COM: 3. 23348_ EXIT=IDENTIFIED: SURFACE 23349_ A0_COM: 2. Map ----- +----------------------------------------------------+ | | | | | | | | | | | | | | | | | | | | | | | | | | | | | | | | | ?????????????????????????????????????????????????? | | ?????????????????????????????????????????????????? | | ?????????????????????????????????????????????????? | | ?????????????????????????????????????????????????? | | ?????????????????????????????????????????????????? | | ?????????????????????????????????????????????????? | | ????????????????????????###??????????????????????? | | ???????????????????????## ##?????????????????????? | | ???????????????????????# #?????????????????????? | | ???????????????????????# @ #?????????????????????? | | ??????????????????????## #?????????????????????? | | ??????????????????????# #?????????????????????? | | ??????????????????????# ##?????????????????????? | | ??????????????????????## #?????????????????????? | | ??????????????????????# #?????????????????????? | | ??????????????????????# ##?????????????????????? | | ??????????????????????# < #?????????????????????? | | ??????????????????????# ##?????????????????????? | | ??????????????????????## #??????????????????????? | | ???????????????????????####??????????????????????? | | ?????????????????????????????????????????????????? | | ?????????????????????????????????????????????????? | | ?????????????????????????????????????????????????? | | ?????????????????????????????????????????????????? | | ?????????????????????????????????????????????????? | | ?????????????????????????????????????????????????? | | ?????????????????????????????????????????????????? | | ?????????????????????????????????????????????????? | | ?????????????????????????????????????????????????? | | ?????????????????????????????????????????????????? | | ?????????????????????????????????????????????????? | | ?????????????????????????????????????????????????? | | ?????????????????????????????????????????????????? | | ?????????????????????????????????????????????????? | +----------------------------------------------------+ Best States ------------- Heat Dissipation 85 Coolant Potential 120 Energy Generation 73 Energy Capacity 1640 Matter Stores 1050 Matter Capacity 1050 Sight Range 24 Robot Scan Range 20 Terrain Scan Density 10 ECM Strength 1 Jamming Range 22 Cloak Strength 9 Corruption Block 12 Armor Coverage 1000 Propulsion Shielding 66 Weapon Shielding 90 Projectile Deflection 15 Melee Speed Boost 50 Phase Shifting 20 Evasion (%) 90 Targeting Accuracy 30 Melee Accuracy 8 Core Analysis 16 Armor Integrity Analysis 40 Recoil Reduction 6 Particle Charging 25 Salvage Targeting 3 Offensive Hacking 100 Defensive Hacking 10 Trap Extractor Capacity 6 Item Schematics ----------------- Lrn. Sensor Array | -6/Factory | Hacked Cld. VTOL Module | -6/Factory | Scanalyzed Exp. Signal Interpreter | -6/Factory | Scanalyzed Hvy. Mass Driver | -6/Zion | Archive Lgt. Angular Momentum Engine | -6/Zion | Archive Imp. Component Analysis Suite | -6/Zion | Archive Magnetic Acceleration Cannon | -6/Zion | Archive Hvy. Phase Cannon | -6/Zion | Archive Energy Well | -6/Zion | Archive Point Defense System | -6/Zion | Archive Lrn. Missile Launcher | -6/Zion | Archive Adv. Reaction Control System | -6/Zion | Archive Imp. Armor Integrity Analyzer | -6/Zion | Archive Thermic Laser | -6/Zion | Archive Adv. Shield Generator | -6/Zion | Archive Imp. Remote Datajack | -6/Zion | Archive Nuclear Pulse Thruster | -6/Zion | Archive Imp. Hacking Suite | -6/Zion | Archive Adv. Recoil Stabilizer | -6/Zion | Archive Battle Cannon | -6/Zion | Free Flamer | -6/Zion | Free Hvy. Riot Gun | -6/Zion | Free Barrage Gun | -6/Zion | Free Ripper | -6/Zion | Free Hvy. Beamcaster | -6/Zion | Free Arc Thrower | -6/Zion | Free Cld. Nuclear Pulse Thruster | -5/Factory | Hacked Adv. Transmission Jammer | -5/Extension | Hacked Adv. Actuator Array | -5/Extension | Hacked Nanoactuators | -3/Research | Scanalyzed Multitool | -3/Research | Scanalyzed Cld. Impulse Thruster | -3/Research | Scanalyzed Cld. Antigrav System | -3/Testing | Scanalyzed Cmb. Linear Gravjet | -3/Testing | Scanalyzed Adv. Variable Charge Gun | -3/Testing | Archive Imp. KE Penetrator | -3/Testing | Archive Adv. Plasma Rifle | -3/Testing | Archive Exp. Thermal Shield | -2/Protoforge | Archive Cld. Proton Cannon | -2/Protoforge | Archive Quantum Shading Machine | -2/Protoforge | Archive Adv. Gravity Neutralizer | -2/Protoforge | Archive Spectral Analyzer | -2/Protoforge | Archive Exp. Power Amplifier | -2/Protoforge | Archive Exp. Thermal Generator | -2/Protoforge | Archive Exp. Coolant Injector | -2/Protoforge | Archive Imp. Thermal Defense Suite | -2/Protoforge | Archive Robot Schematics ------------------ E-15 Imp | -6/Zion | Archive G-50 Soldier | -6/Zion | Archive A-02 Transporter | -6/Zion | Archive B-74 Champion | -3/Testing | Archive K-01 Serf | -2/Protoforge | Archive Fabricated ------------ Lrn. Sensor Array | x2 | -6/Factory Cld. VTOL Module | x1 | -6/Factory Cld. VTOL Module | x1 | -6/Factory Cld. Nuclear Pulse Thruster | x1 | -5/Factory Cld. Nuclear Pulse Thruster | x1 | -5/Factory Cld. Nuclear Pulse Thruster | x1 | -4/Factory Cld. Nuclear Pulse Thruster | x1 | -4/Factory Cld. Nuclear Pulse Thruster | x1 | -3/Research Cld. Nuclear Pulse Thruster | x1 | -3/Research Cld. Antigrav System | x1 | -3/Testing Cld. Antigrav System | x1 | -2/Protoforge Cld. Antigrav System | x1 | -2/Protoforge Exp. Coolant Injector | x1 | -2/Protoforge Cmb. Linear Gravjet | x2 | -2/Protoforge Repaired ---------- Assault Rifle | 10% | -10/Materials Cld. Nuclear Pulse Thruster | 1% | -3/Research Cld. Impulse Thruster | 99% | -3/Research | Broken Studied --------- Nuclear Pulse Array | -3/Research | Hacked Mic. Antimatter Reactor | -3/Research | Hacked Hyp. Mass Driver | -3/Research | Hacked Impulse Thruster Array | -3/Research | Hacked Alien Tech Used ----------------- Integrated Mediator Core Expander Dimensional Node Initializer High-powered Transdimensional Reconstructor Subatomic Replicator Supercharged TR Transdimensional Reconstructor Achievements -------------- None Challenges ------------ None Game ------ Seed CatalystSpliceArmor Manual? 0 Play Time 04:09:54 Cumulative 1627.0 hours Start 2026.07.26 @ 13:28:12 End 2026.07.26 @ 18:00:46 Sessions 3 Manual Loads 0 Difficulty Rogue Special Mode None Game No. 907 Rogue 894 Adventurer 13 Explorer 0 Win Type 6 Total 417 Types 203/33/97/16/5/5/20/13/11/14 Lore% 95 Gallery% 87 Achievement% 99 Wizard Run 0 Options --------- Layout 2 ASCII 0 Keyboard 0 Movement Arrows Keybinds 0 Fullscreen 1 Font 32/SmallcapsGlow Map View 50x44 Zoom Use 0% Tactical HUD 1 Map Filters NONE Filters NONE Steam 1 RUN: 3d3c579b-990b-4d0b-b80d-3a291a3f8240